 Dungeon Crawl Stone Soup version 0.31-a0-358-gac0dbeb3ab (webtiles) character file.

Game seed: 7727526856759563090

15890188 PROFITTTT the Middleweight Champion (level 27, 314/314 HPs)
             Began as a Demonspawn Gladiator on July 25, 2023.
             Was the Champion of Lugonu.
             Escaped with the Orb
             ... and 15 runes on July 26, 2023!
             The game lasted 03:06:34 (98695 turns).

PROFITTTT the Middleweight Champion (DsGl)         Turns: 98695, Time: 03:06:34

Health: 314/314    AC: 46    Str: 29 (30) XL:     27
Magic:  49/49      EV: 17    Int: 11      God:    Lugonu [******]
Gold:   6713       SH:  0    Dex: 21      Spells: 11/27 levels left

rFire   + +          .
                       - Unarmed
rCold   + + .        (no shield)
rNeg    + + +        z - +12 gold dragon scales
rPois   ∞            d - +3 crown of Dyrovepreva {rElec Int+2 SInv}
rElec   +            h - +1 cloak of Responsibility {Rampage rPois rF+}
rCorr   +            (gloves unavailable)
SInv    +            A - +3 pair of seven-league boots {Rampage+∞}
Will    ++++.        V - amulet "Gunauq" {RegenMP Regen+ MP+9}
Stlth   ++           G - ring of Wommes {rElec rCorr Str+4}
HPRegen 2.52/turn    M - ring "Zaariss" {Fly Will+ Str-5 Slay+3}
MPRegen 0.71/turn

%: rampage+∞
@: death-form, flying, studying 2 skills
A: vile attack, torment immunity, no potions, thin skeletal structure 3, demonic
guardian 3, powered by death 3, robust 3, demonic touch 3, fangs 1, electricity
resistance, strong 1
0: Orb of Zot
}: 15/15 runes: serpentine, barnacled, slimy, silver, golden, iron, obsidian,
icy, bone, abyssal, demonic, glowing, magical, fiery, dark
a: Siphon Essence, Begin Untransformation, Renounce Religion, Depart the Abyss,
Banish, Corrupt, Enter the Abyss


You escaped.
You worshipped Lugonu.
Lugonu was exalted by your worship.
You were an undying horror.
You visited 17 branches of the dungeon, and saw 87 of its levels.
You visited Pandemonium 2 times, and saw 16 of its levels.
You visited the Abyss 5 times.
You visited 2 bazaars.
You visited 1 ziggurat, and saw 19 of its levels.
You also visited: Ossuary and Ice Cave.

You collected 21404 gold pieces.
You spent 14691 gold pieces at shops.

Inventory:

Hand Weapons
 Y - the +13 sceptre of Asmodeus
   (You took it off Asmodeus on level 7 of Gehenna)

   Fire Summon: It may summon demons of flame and damnation when striking foes.
 Z - a +8 demon whip of distortion
Missiles
 c - 6 throwing nets
 W - 6 curare-tipped darts
Armour
 d - the +3 crown of Dyrovepreva (worn) {rElec Int+2 SInv}
   (You found it on level 3 of the Crypt)

   Int:       It affects your intelligence (+2).
   rElec:     It insulates you from electricity.
   SInv:      It lets you see invisible.
 g - the quicksilver dragon scales "Rauklic" {Will+ Regen+}
   (You found it on level 5 of the Vaults)

   Regen:     It increases your rate of health regeneration.
   Will:      It increases your willpower.
 h - the +1 cloak of Responsibility (worn) {Rampage rPois rF+}
   (You acquired it on level 4 of the Vaults)

   rF:        It protects you from fire.
   rPois:     It protects you from poison.
   Rampage:   It bestows one free step when moving towards enemies.
 x - a +2 kite shield of reflection
 z - +12 gold dragon scales (worn)
 A - the +3 pair of seven-league boots (worn) {Rampage+∞}
   (You found it on level 1 of the Lair of Beasts)

   Rampage+∞: When moving toward enemies, its wearer moves as far as possible,
   alerting their target en route.
 C - the orb of Dispater {+Damnation *Corrode AC+5}
   (You took it off Dispater on level 7 of the Iron City of Dis)

   +Damnation: It grants the ability to hurl damnation at the cost of health and
   magic, with strength depending on Evocations skill.
   AC:        It affects your AC (+5).
   *Corrode:  It may corrode you when you take damage.
Jewellery
 m - the ring of the Soothsayer {rC+ Str+3}
   (You found it in an ice cave)

   [ring of protection from cold]

   Str:       It affects your strength (+3).
   rC:        It protects you from cold.
 D - the ring "Feicapai" {rElec MP+9 Dex+6}
   (You found it on level 4 of the Shoals)

   [ring of dexterity]

   Dex:       It affects your dexterity (+6).
   rElec:     It insulates you from electricity.
   MP:        It affects your magic capacity (+9).
 F - the ring of the Republic {rF- Will++ EV+5 Int+3 Stlth+}
   (You found it in Pandemonium)

   [ring of evasion]

   EV:        It affects your evasion (+5).
   Int:       It affects your intelligence (+3).
   rF:        It makes you vulnerable to fire.
   Will:      It greatly increases your willpower.
   Stlth:     It makes you more stealthy.
 G - the ring of Wommes (left hand) {rElec rCorr Str+4}
   (You bought it in a shop on level 1 of the Elven Halls)

   [ring of resist corrosion]

   Str:       It affects your strength (+4).
   rElec:     It insulates you from electricity.
   rCorr:     It protects you from acid and corrosion.
 I - the ring of Amelioration {rF+ rN+ Will- Str+3 Dex+4}
   (You found it on level 1 of the Crypt)

   [ring of positive energy]

   Str:       It affects your strength (+3).
   Dex:       It affects your dexterity (+4).
   rF:        It protects you from fire.
   rN:        It protects you from negative energy.
   Will:      It decreases your willpower.
 M - the ring "Zaariss" (right hand) {Fly Will+ Str-5 Slay+3}
   (You found it on level 16 of a ziggurat)

   [ring of flight]

   Str:       It affects your strength (-5).
   Slay:      It affects your accuracy & damage with ranged weapons and melee
   (+3).
   Fly:       It grants you flight.
   Will:      It increases your willpower.
 V - the amulet "Gunauq" (around neck) {RegenMP Regen+ MP+9}
   (You found it on level 9 of a ziggurat)

   [amulet of magic regeneration]

   It increases your rate of magic regeneration.
   MP:        It affects your magic capacity (+9).
   Regen:     It increases your rate of health regeneration.
Talismans
 K - a talisman of death
 O - a storm talisman
Wands
 f - a wand of roots (134) (quivered)
 l - a wand of digging (50)
 s - a wand of paralysis (61)
 L - a wand of flame (164)
 N - a wand of acid (104)
Scrolls
 b - 7 scrolls of poison
 q - 22 scrolls of teleportation
 u - 3 scrolls of immolation
 w - 7 scrolls of silence
 E - 6 scrolls of torment
 P - 3 scrolls of revelation
 Q - 14 scrolls of vulnerability
 S - 6 scrolls of fog
 X - 5 scrolls of fear
Potions
 a - 7 potions of resistance
 e - 9 potions of cancellation
 i - 16 potions of mutation
 o - 12 potions of curing
 p - 7 potions of brilliance
 r - 4 potions of haste
 t - 6 potions of enlightenment
 B - 12 potions of attraction
 H - 5 potions of heal wounds
 J - 3 potions of might
 T - 8 potions of invisibility
 U - 9 potions of lignification
Miscellaneous
 j - a phantom mirror
 k - a tin of tremorstones (1/2)
 n - a phial of floods
 v - the horn of Geryon (inert)
 y - a box of beasts
 R - a figurine of a ziggurat


   Skills:
 + Level 25.1 Fighting
 - Level 2.8(3.8) Short Blades
 - Level 3.8(4.3) Long Blades
 - Level 2.1(10.6) Axes
 - Level 15.9(16.0) Maces & Flails
 - Level 4.0 Throwing
 + Level 21.8 Armour
 - Level 18.0 Dodging
 - Level 21.0 Stealth
 - Level 12.7 Shields
 O Level 27 Unarmed Combat
 - Level 0.7 Spellcasting
 - Level 0.8 Hexes
 - Level 8.0 Necromancy
 - Level 5.1 Ice Magic
 O Level 27 Invocations
 - Level 14.0 Evocations
 + Level 26.0 Shapeshifting


You had 11 spell levels left.
You knew the following spells:

 Your Spells              Type           Power      Damage    Failure   Level
a - Ensorcelled Hibernat  Hex/Ice        12%        N/A       80%         2
b - Confusing Touch       Hex            2%         N/A       100%        3
c - Vampiric Draining     Necr           17%        2d7       32%         3
d - Anguish               Hex/Necr       5%         N/A       99%         4
e - Manifold Assault      Tloc           0%         N/A       100%        4

Your spell library contained the following spells:

 Spells                   Type           Power      Damage    Failure   Level
 Necrotise                Necr           68%        1d7       11%         1
 Sublimation of Blood     Necr           17%        N/A       17%         2
 Frozen Ramparts          Ice            22%        1d4       73%         3
 Ozocubu's Armour         Ice            11%        N/A       73%         3
 Animate Dead             Necr           17%        N/A       73%         4
 Dispel Undead            Necr           17%        3d10      73%         4
 Cigotuvi's Dreadful Rot  Necr/Pois/Air  12%        N/A       83%         2
 Slow                     Hex            8%         N/A       91%         1
 Apportation              Tloc           0%         N/A       96%         1
 Foxfire                  Conj/Fire      0%         2x1d4     96%         1
 Magic Dart               Conj           0%         1d3       96%         1
 Shock                    Conj/Air       0%         1d3       96%         1
 Sting                    Tmut/Pois      0%         1d3       96%         1
 Summon Small Mammal      Summ           0%         N/A       96%         1
 Hailstorm                Conj/Ice       6%         3d4       97%         3
 Agony                    Necr           17%        N/A       97%         5
 Blink                    Tloc           0%         N/A       99%         2
 Call Imp                 Summ           0%         N/A       99%         2
 Lesser Beckoning         Tloc           0%         N/A       99%         2
 Momentum Strike          Conj/Tloc      0%         3d8       99%         2
 Passwall                 Tmut/Erth      0%         N/A       99%         2
 Poisonous Vapours        Pois/Air       0%         N/A       99%         2
 Scorch                   Fire           0%         2d5       99%         2
 Wereblood                Tmut           0%         N/A       99%         2
 Call Canine Familiar     Summ           0%         N/A       100%        3
 Dazzling Flash           Conj/Hex       2%         N/A       100%        3
 Ignite Poison            Fire/Tmut/Pois 0%         N/A       100%        3
 Inner Flame              Hex/Fire       1%         N/A       100%        3
 Mephitic Cloud           Conj/Pois/Air  0%         N/A       100%        3
 Portal Projectile        Hex/Tloc       2%         N/A       100%        3
 Stone Arrow              Conj/Erth      0%         3d7       100%        3
 Summon Guardian Golem    Hex/Summ       1%         N/A       100%        3
 Swiftness                Air            0%         N/A       100%        3
 Tukima's Dance           Hex            2%         N/A       100%        3
 Vhi's Electric Charge    Tloc/Air       0%         N/A       100%        3
 Volatile Blastmotes      Fire/Tloc      0%         2d10      100%        3
 Airstrike                Air            0%         2d(0-16)  100%        4
 Animate Armour           Summ/Erth      0%         N/A       100%        4
 Cause Fear               Hex            1%         N/A       100%        4
 Flame Wave               Conj/Fire      0%         2d4       100%        4
 Fulminant Prism          Conj/Hex       0%         3d5       100%        4
 Iskenderun's Mystic Bla  Conj/Tloc      0%         2d3       100%        4
 Leda's Liquefaction      Hex/Erth       0%         N/A       100%        4
 Olgreb's Toxic Radiance  Pois           0%         N/A       100%        4
 Passage of Golubria      Tloc           0%         N/A       100%        4
 Petrify                  Tmut/Erth      0%         N/A       100%        4
 Sticky Flame             Conj/Fire      0%         2d3       100%        4
 Summon Ice Beast         Ice/Summ       6%         N/A       100%        4
 Summon Lightning Spire   Summ/Air       0%         N/A       100%        4
 Alistair's Intoxication  Tmut/Pois      0%         N/A       100%        5
 Arcjolt                  Conj/Air       0%         1d10      100%        5
 Borgnjor's Vile Clutch   Necr/Erth      4%         N/A       100%        5
 Fireball                 Conj/Fire      0%         3d3       100%        5
 Freezing Cloud           Conj/Ice/Air   2%         6-21      100%        5
 Iskenderun's Battlesphe  Conj           0%         2d6       100%        5
 Lee's Rapid Deconstruct  Erth           0%         3d4*      100%        5
 Metabolic Englaciation   Hex/Ice        3%         N/A       100%        5
 Silence                  Hex/Air        0%         N/A       100%        5
 Summon Forest            Summ/Tloc      0%         N/A       100%        5
 Summon Mana Viper        Hex/Summ       1%         N/A       100%        5
 Yara's Violent Unravell  Hex/Tmut       0%         3d3       100%        5
 Conjure Ball Lightning   Conj/Air       0%         3x3d6     100%        6
 Death Channel            Necr           8%         N/A       100%        6
 Dispersal                Tloc           0%         N/A       100%        6
 Eringya's Noxious Bog    Tmut/Pois      0%         4d6       100%        6
 Leda's Unmaking          Conj/Erth      0%         9d1       100%        6
 Plasma Beam              Fire/Air       0%         2x1d10    100%        6
 Simulacrum               Ice/Necr       7%         N/A       100%        6
 Starburst                Conj/Fire      0%         6d3       100%        6
 Summon Cactus Giant      Summ           0%         N/A       100%        6
 Enfeeble                 Hex            1%         N/A       100%        7
 Haunt                    Necr/Summ      4%         N/A       100%        7
 Malign Gateway           Summ/Tloc      0%         N/A       100%        7
 Monstrous Menagerie      Summ           0%         N/A       100%        7
 Orb of Destruction       Conj           0%         9d5       100%        7
 Ozocubu's Refrigeration  Ice            5%         4d8       100%        7
 Spellforged Servitor     Conj/Summ      0%         N/A       100%        7
 Summon Hydra             Summ           0%         N/A       100%        7
 Borgnjor's Revivificati  Necr           8%         N/A       100%        8
 Discord                  Hex            1%         N/A       100%        8
 Disjunction              Tloc           0%         N/A       100%        8
 Ignition                 Fire           0%         3d3       100%        8
 Infestation              Necr           8%         N/A       100%        8
 Lehudib's Crystal Spear  Conj/Erth      0%         10d2      100%        8
 Maxwell's Capacitive Co  Air            0%         ∞         100%        8
 Summon Horrible Things   Summ           0%         N/A       100%        8
 Death's Door             Necr           8%         N/A       100%        9
 Dragon's Call            Summ           0%         N/A       100%        9
 Fire Storm               Conj/Fire      0%         5d1       100%        9
 Polar Vortex             Ice            5%         N/A       100%        9


Dungeon Overview and Level Annotations

Branches:
Dungeon (15/15)            Temple (0/1) D:4            Lair (5/5) D:9
 Shoals (4/4) Lair:3        Snake (4/4) Lair:2        Slime (5/5) Lair:5
    Orc (2/2) D:10            Elf (3/3) Orc:2        Vaults (5/5) D:13
  Crypt (3/3) Vaults:3       Tomb (3/3) Crypt:3      Depths (4/4) D:15
   Hell (visited)             Dis (7/7) Hell            Geh (7/7) Hell
    Coc (7/7) Hell            Tar (7/7) Hell            Zot (5/5) Depths:4
Ossuary (visited)           IceCv (visited)

Altars:
Ashenzari
Cheibriados
Fedhas
Gozag
Hepliaklqana
Kikubaaqudgha
Nemelex Xobeh
Okawaru
Qazlal
Sif Muna
Uskayaw
Vehumet
Xom
Yredelemnul
Jiyva
Lugonu

Shops:
D:5 *   D:10 *   Orc:1 [   Orc:2 =([:   Elf:1 =(:(   Shoals:1 =   Shoals:2 :
Snake:1 **   Vaults:1 [   Depths:1 (*   Depths:4 :=:

Portals:
Hell: Depths:1 Depths:2 Depths:3 Depths:4
Abyss: Depths:3 Depths:4
Pandemonium: Depths:2

Annotations:
D:6 3 runed translucent doors, Xoff's ghost, novice GnCj
D:13 exclusion: door
Snake:4 corrupted
Elf:2 3 runed translucent doors
Elf:3 corrupted
Vaults:5 corrupted
Tomb:1 corrupted
Tomb:2 corrupted
Tomb:3 corrupted
Depths:3 exclusion: orange crystal statue
Zot:5 corrupted


Innate Abilities, Weirdness & Mutations

You are an undying horror.
Your melee and unarmed attacks drain, slow and weaken victims.
You are immune to unholy pain and torment.
You cannot drink.
You are immune to poison.
You have an unnaturally thin skeletal structure. (Dex +6, Stealth+++)
A powerful demonic guardian rushes to your aid.
You regenerate a lot of health from kills.
You are extremely robust. (+30% HP)
Your touch may irresistibly damage your foes and sap their willpower.
You have very sharp teeth.
You are resistant to electric shocks. (rElec)
Your muscles are strong. (Str +4, Int/Dex -1)


Message History

Where to? (Enter - D:1, ? - help)
What level of the Dungeon? (default 1, ? - help)
You fly downwards.
There is a stone staircase leading up here.
Unknown command.
(D) Dungeon (T) Temple (L) Lair (A) Shoals (P) Snake Pit (M) Slime Pits (O) Orcish Mines (E) Elven Halls (V) Vaults (C) Crypt (W) Tomb (U) Depths (H) Hell (I) Dis (G) Gehenna (X) Cocytus (Y) Tartarus (Z) Zot
Where to? (Enter - D:2, ? - help)
What level of the Dungeon? (default 1, ? - help)
You fly upwards.
There is a stone staircase leading down here.
An Orb Guardian comes into view.
Unknown command.
You stride towards the Orb Guardian!
You pummel the Orb Guardian!!
The Orb Guardian decays.
You bite the Orb Guardian, but do no damage.
The Orb Guardian is moderately wounded.
The Orb Guardian closely misses you.
You pulverise the Orb Guardian!!!
You kill the Orb Guardian!
Lugonu accepts your kill.
No target in view!
No target in view!
An Orb Guardian comes into view.
There is an open door here.
The Orb Guardian hits you!
You take 9 damage, and have 305/314 hp.
You squash the Orb Guardian like an ant!!!
The Orb Guardian decays.
You drain the Orb Guardian. You punch the Orb Guardian!
You kill the Orb Guardian!
Lugonu accepts your kill.
No target in view!
No target in view!
There is a staircase leading out of the dungeon here.
There is a staircase leading out of the dungeon here.
You have escaped!

# #..#...##..##......... #
#..#..##...###...####. #
#..#..#....# ##.## ## #
#########..#..#.8..####.######
#
#..........#..#.............#
#
#.#######.##..##...####.###.#
# ##.#######.##...##..# #.#
#.# # #..........##....#..#
#.# #.# #
#..######...'.z..'..# #.# #.#
###..# #..##....#..# #.###.##
.....# #..##...##..# #.......
###.##### #..##..##...#
#####[## ........#
#..##..#....# #.# ###.###.#
#..##..#.8..# #.# ###.# #.#
#..##..#....# #.# .†..#
#.###..##..##...# #.#
##..###.......#...##..# #.#


There were no monsters in sight!

Vanquished Creatures
  Cerebov (Pan)
  Antaeus (Coc:7)
  Asmodeus (Geh:7)
  the Royal Jelly (Slime:5)
  Ereshkigal (Tar:7)
  Dissolution (Slime:2)
  Mnoleg (Pan)
  the Serpent of Hell (Coc:7)
  Lom Lobon (Pan)
  14 dread liches
  Dispater (Dis:7)
  Mennas (Abyss:2)
  Mara (Depths:1)
  9 ancient liches
  6 orbs of fire
  6 juggernauts
  32 royal mummies
  Sojobo (Depths:3)
  23 shard shrikes
  10 pandemonium lords
  8 Killer Klowns
  Parghit (Abyss:2)
  Bai Suzhen (Crypt:2)
  Nikola (Depths:2)
  Geryon (Hell)
  32 caustic shrikes
  11 golden dragons
  19 bone dragons
  5 profane servitors
  5 electric golems
  A shard shrike zombie (Crypt:3)
  16 doom hounds
  13 Tzitzimimeh
  2 spectral shard shrikes
  15 Brimstone Fiends
  14 iron giants
  12 hellephants
  30 tentacled monstrosities
  22 Hell Sentinels
  8 liches
  23 titans
  26 Ice Fiends
  13 tainted leviathans
  3 deep elf blademasters
  Asterion (Vaults:2)
  31 searing wretches
  16 Executioners (Pan)
  27 Orb Guardians
  2 quicksilver dragons
  2 deep elf master archers
  21 acid blobs
  8 sphinxes
  Gastronok (Lair:1)
  Murray (Depths:2)
  14 ancient champions
  The ghost of Gouluvih the Acrobat, an adept FeSh of Jiyva (Crypt:1)
  3 tentacled starspawn
  3 krakens
  8 tengu reavers
  6 shadow dragons
  5 death cobs
  Kirke (Shoals:1)
  7 demonspawn warmongers
  5 revenants
  3 nagarajas
  A fire giant (shapeshifter) (Zig:9)
  Donald (Vaults:2)
  14 azure jellies
  17 storm dragons
  9 rockslimes
  7 draconian monks
  7 draconian knights
  22 frost giants
  11 narguns
  The ghost of Sapher the Executioner, a journeyman HOWr of Jiyva (Elf:2)
  15 quicksilver elementals
  27 fire giants
  4 deep elf sorcerers
  4 draconian scorchers (Zig:14)
  2 spectral juggernauts
  34 balrugs
  2 spectral caustic shrikes (Depths:3)
  3 shard shrike simulacra
  5 iron dragons
  17 cacodemons
  3 curse skulls
  2 ghost moths
  20 vault wardens
  2 caustic shrike zombies
  2 orc warlords
  6 deep elf elementalists
  7 angels
  A juggernaut zombie (Crypt:1)
  11 ghouls
  7 draconian stormcallers
  3 spriggan defenders
  3 draconian shifters
  7 demonspawn corrupters
  A broodmother (Zig:11)
  9 draconian annihilators
  22 ironbound preservers
  6 very ugly things
  2 caustic shrike skeletons
  14 quicksilver oozes
  10 formless jellyfish
  A stone giant (shapeshifter) (Zig:17)
  33 war gargoyles
  25 reapers
  17 stone giants
  5 ophanim
  11 purple draconians
  6 ironbound thunderhulks
  6 vampire knights
  7 deep elf demonologists
  6 green draconians
  6 demonspawn blood saints
  12 lorocyprocas
  20 elemental wellsprings
  8 demonspawn black suns (Pan)
  15 wendigos
  19 putrid mouths
  An apis (Pan)
  5 yellow draconians
  9 deep elf annihilators
  3 dire elephants (Vaults:4)
  6 white draconians
  2 spectral titans
  2 dire elephants (shapeshifter)
  15 red draconians
  5 bennus
  7 spark wasps
  6 black draconians
  8 starcursed masses (Abyss:2)
  8 eidola
  4 fire dragons
  13 ettins
  A merfolk javelineer (Shoals:4)
  22 iron golems
  3 jiangshi
  10 mummy priests
  9 deep elf death magi
  18 blizzard demons
  5 merfolk impalers (Shoals:4)
  4 spectral golden dragons (Depths:3)
  4 crystal guardians
  A fire dragon (shapeshifter) (Zig:17)
  6 entropy weavers
  Snorg (Orc:1)
  A spriggan zombie (Crypt:3)
  2 spectral quicksilver dragons
  6 great orbs of eyes
  11 green deaths
  20 yaktaur captains
  11 spectral spriggans
  A kraken zombie (Hell)
  Josephine (Abyss:2)
  8 rakshasas
  4 hell beasts
  7 deep elf high priests
  22 ice dragons
  29 vault guards
  9 caustic shrike simulacra
  2 merfolk avatars
  2 spectral tengu (Depths:3)
  Erica (Abyss:3)
  A catoblepas (Lair:2)
  2 peacekeepers (Vaults:3)
  A spectral shadow dragon (Depths:3)
  15 spriggan air magi
  3 spriggan skeletons
  14 ironbound frosthearts
  2 spectral sphinxes (Depths:3)
  5 ogre magi
  2 hydras
  A jorogumo (Zig:11)
  9 centaur warriors
  4 death knights (Crypt:1)
  2 juggernaut simulacra
  7 anacondas
  6 merfolk aquamancers
  3 salamander tyrants
  13 naga warriors
  25 dancing weapons
  A spectral fire giant (Depths:3)
  10 stokers
  5 deep troll shamans
  2 alligator snapping turtles
  3 satyrs
  7 tengu warriors
  22 two-headed ogres
  46 death scarabs
  8 boulder beetles
  An alligator (shapeshifter) (Elf:3)
  4 deep troll earth magi
  18 demonic crawlers
  5 death yaks (Lair:5)
  4 spectral storm dragons
  47 hell hogs
  10 vampire magi
  12 naga sharpshooters
  8 orc high priests
  A spriggan berserker (Depths:4)
  2 titan zombies
  A spectral emperor scorpion (Tar:1)
  6 thrashing horrors
  Sonja (Lair:3)
  10 shock serpents
  14 deep elf knights
  A storm dragon zombie (Hell)
  18 crystal echidnas
  34 soul eaters
  20 hell knights
  8 iron trolls
  2 pharaoh ants (Zig:11)
  A titan skeleton (Pan)
  5 wretched stars
  2 spectral anacondas
  3 cherubim
  23 shadow wraiths
  45 sun demons
  3 salamander mystics
  10 sea snakes
  9 skysharks
  Lodul (D:10)
  3 spectral spark wasps (Depths:3)
  25 sixfirhies
  A skyshark (shapeshifter) (D:13)
  A spatial maelstrom (Abyss:3)
  3 anaconda zombies
  A death drake (Depths:3)
  An orb spider (Zig:11)
  4 quicksilver dragon simulacra
  10 glowing orange brains
  19 skeletal warriors
  An orb spider (shapeshifter) (Zig:8)
  A swamp dragon (Lair:5)
  20 flayed ghosts
  42 large abominations
  3 naga ritualists
  50 deep trolls
  2 obsidian statues (Zig:12)
  6 shadow demons
  Pikel (D:8)
  13 wizards
  4 harpies
  7 lindwurms
  7 spriggan simulacra
  10 deep elf archers
  18 ironbound convokers
  A harpy (shapeshifter) (Zig:9)
  2 orange crystal statues
  21 phantasmal warriors
  10 orc knights
  6 mana vipers
  23 ugly things
  An anaconda skeleton (Hell)
  27 deep elf zephyrmancers
  4 orc sorcerers
  A wolf spider (Zig:11)
  11 manticores
  12 necromancers
  2 stone giant zombies (Hell)
  30 deep elf pyromancers
  A manticore (shapeshifter) (Zig:3)
  4 fauns
  9 shining eyes
  A jorogumo skeleton (Crypt:1)
  11 cyclopes
  16 salamanders
  An elephant (shapeshifter) (Elf:1)
  A moth of wrath (shapeshifter) (Abyss:2)
  A spectral alligator snapping turtle (Tar:2)
  29 black mambas
  2 spectral ettins
  23 moths of wrath
  A will-o-the-wisp (Abyss:2)
  8 centaur zombies
  7 merfolk sirens
  Maurice (D:8)
  A stone giant skeleton (Pan)
  18 elephants
  3 torpor snails (Zig:11)
  2 naga zombies
  A frost giant skeleton (Crypt:2)
  10 guardian serpents
  21 naga magi
  2 torpor snails (shapeshifter) (Zig:17)
  2 apocalypse crabs
  6 water nymphs
  A spectral centaur (Tar:1)
  45 smoke demons
  4 eyes of devastation
  9 rust devils
  2 ice statues
  4 titan simulacra
  23 vault sentinels
  3 molten gargoyles (Hell)
  7 gargoyles
  3 naga skeletons
  9 centaur skeletons
  7 cane toads
  2 storm dragon simulacra (Zig:15)
  22 orange demons
  A sea snake zombie (Hell)
  4 kobold demonologists
  3 unseen horrors
  24 tormentors
  13 rime drakes
  5 efreet
  An alligator snapping turtle skeleton (Tomb:3)
  2 anaconda simulacra
  9 komodo dragons
  A spectral glowing shapeshifter (Depths:3)
  16 hellions
  6 ancient zymes
  14 ice devils
  2 bunyip simulacra (Coc:1)
  29 yaktaurs
  2 yaktaurs (shapeshifter)
  3 tengu conjurers
  10 freezing wraiths
  11 guardian mummies
  5 red devils
  2 spectral harpies (Tar:1)
  13 hellwings
  3 iron giant simulacra (Coc:7)
  A queen bee (Lair:2)
  A hydra zombie (Hell)
  8 trolls
  A harpy zombie (Hell)
  4 tengu simulacra (Depths:3)
  24 merfolk
  2 golden dragon simulacra (Coc:7)
  5 wind drakes
  A guardian serpent zombie (Crypt:1)
  An alligator zombie (Hell)
  9 polar bears
  3 silent spectres
  A sphinx simulacrum (Depths:3)
  3 hornets
  An iron dragon simulacrum (Zig:16)
  2 harpy skeletons (Pan)
  6 raiju
  2 meliai zombies (D:12)
  5 snapping turtles
  An ice dragon zombie (Tomb:1)
  10 dream sheep
  3 ettin zombies
  14 blink frogs
  3 hydra skeletons
  A spectral black mamba (Tar:1)
  47 slime creatures
  2 fire dragon zombies
  Sigmund (D:4)
  A spriggan (Depths:3)
  A slime creature (shapeshifter) (Vaults:1)
  4 vampires
  2 ettin skeletons
  8 air elementals
  An ice dragon skeleton (Crypt:1)
  6 flying skulls
  11 ynoxinuls
  A culicivora (Zig:11)
  10 shadows
  3 ushabtiu
  27 water elementals
  Eustachio (D:4)
  70 yaks
  13 wraiths
  5 dire elephant simulacra
  6 fire elementals
  4 naga simulacra
  10 golden eyes
  6 wyverns
  4 basilisks
  A black mamba skeleton (Crypt:2)
  22 chaos spawn
  2 alligator snapping turtle simulacra
  4 redbacks
  2 steam dragons (Lair:5)
  Grum (D:8)
  2 vampire mosquitoes (D:12)
  23 neqoxecs
  4 wargs
  Menkaure (Ossuary)
  43 nagas
  18 harpy simulacra
  2 acid dragons
  A deep troll zombie (Tomb:1)
  2 hydra simulacra
  14 water moccasins
  7 hell hounds
  Duvessa (D:4)
  7 floating eyes
  A floating eye (shapeshifter) (Zig:9)
  A glowing shapeshifter skeleton (Vaults:3)
  2 swamp drakes (Lair:5)
  4 boggarts (Vaults:3)
  9 ice beasts
  18 orc warriors
  2 sky beasts (D:7)
  An ettin simulacrum (Coc:1)
  8 small abominations
  2 black bears
  A hornet zombie (Crypt:2)
  4 centaurs
  39 ogres
  11 wolves
  A phantom (D:5)
  2 lemures (D:8)
  A kobold brigand (D:7)
  2 elf zombies
  4 necrophages
  12 bullfrogs
  4 scorpions
  A glowing shapeshifter simulacrum (Depths:3)
  6 earth elementals
  2 gnoll sergeants (D:10)
  An elf skeleton (D:7)
  A wyvern skeleton (Crypt:1)
  28 wights
  Dowan (D:4)
  26 killer bees
  A human simulacrum (Vaults:3)
  4 electric eels
  A troll skeleton (Crypt:2)
  5 howler monkeys
  2 wolf skeletons (Crypt:2)
  A quasit (Abyss:2)
  7 jellies
  2 sleepcaps
  2 gnoll boudas
  15 orc priests
  4 hounds
  4 human zombies
  An iron imp (Abyss:2)
  A boggart zombie (D:12)
  3 human skeletons
  4 iguanas
  33 orc wizards
  Terence (D:2)
  A hound skeleton (Crypt:1)
  13 mummies
  7 adders
  4 gnolls
  A river rat (D:3)
  2 shadow imps
  A white imp (D:7)
  3 ufetubi
  2 worms (D:4)
  5 dart slugs
  70 orcs
  5 ball pythons
  5 bats
  A bat zombie (Crypt:2)
  9 endoplasms
  5 giant cockroaches
  6 goblins
  A goblin (shapeshifter) (Vaults:5)
  6 hobgoblins
  8 quokkas
  4 frilled lizards
  5 gnoll skeletons (Ossuary)
  3 gnoll zombies (Ossuary)
  7 goblin skeletons (Ossuary)
  2 goblin zombies (Ossuary)
  4 hobgoblin skeletons (Ossuary)
  6 hobgoblin zombies (Ossuary)
  11 kobolds
  3 kobold skeletons (Ossuary)
  4 kobold zombies (Ossuary)
  2 orc skeletons
  4 orc zombies (Ossuary)
  12 rats
  5 rat skeletons (Ossuary)
  6 rat zombies (Ossuary)
  3 creeping infernos
  22 fire vortices
  8 starspawn tentacles
  8 tentacles
3941 creatures vanquished.

Vanquished Creatures (collateral kills)
  Gloorx Vloq (Pan)
  A dread lich (Tar:1)
  3 royal mummies
  A Killer Klown (Zig:9)
  A caustic shrike (Dis:7)
  A Brimstone Fiend (Geh:7)
  2 hellephants
  An Orb Guardian (Zot:5)
  A titan (Coc:7)
  A tainted leviathan (Tar:4)
  2 searing wretches (Geh:7)
  An acid blob (Slime:4)
  7 sphinxes
  3 ancient champions
  A nargun (Zig:16)
  A draconian knight (Zig:15)
  2 draconian scorchers
  An iron dragon (Dis:7)
  An emperor scorpion (Zig:11)
  A frost giant (Depths:2)
  A caustic shrike zombie (Tomb:2)
  A balrug (Geh:2)
  2 reapers
  4 war gargoyles
  3 stone giants
  An elemental wellspring (Coc:7)
  A putrid mouth (Tar:1)
  A lorocyproca (Pan)
  A yellow draconian (Zot:2)
  2 black draconians
  A deep elf death mage (Depths:3)
  A mummy priest (Tomb:1)
  A yaktaur captain (Zig:17)
  A great orb of eyes (Slime:5)
  2 spectral quicksilver dragons
  2 juggernaut simulacra
  An ice dragon (Zig:15)
  A hell beast (Pan)
  A stoker (Geh:7)
  A centaur warrior (Shoals:2)
  A deep troll shaman (Depths:4)
  6 death scarabs
  2 spectral nagas
  A deep troll earth mage (Depths:1)
  A spriggan berserker (Depths:2)
  2 hell hogs (Geh:3)
  A soul eater (Pan)
  2 sun demons
  A skyshark (Shoals:1)
  A shadow wraith (Tar:7)
  2 sixfirhies (Pan)
  A quicksilver dragon simulacrum (Depths:3)
  A spectral iron dragon (Depths:3)
  An ironbound convoker (Vaults:5)
  A harpy (Vaults:2)
  A wizard (Depths:2)
  A deep elf zephyrmancer (Elf:2)
  A necromancer (Depths:3)
  A lindwurm (Lair:5)
  A manticore (Shoals:1)
  A moth of wrath (Zot:2)
  2 black mambas
  A vault sentinel (Vaults:1)
  A smoke demon (Pan)
  A hellion (Tar:1)
  An orange demon (Pan)
  3 rime drakes
  3 tormentors
  An ice devil (Zig:15)
  A guardian mummy (Tomb:1)
  A hellwing (Pan)
  A tarantella (shapeshifter) (Zig:17)
  2 blink frogs (Lair:1)
  A dream sheep (Lair:5)
  A slime creature (Slime:4)
  A ynoxinul (Pan)
  A chaos spawn (Pan)
  2 large abominations (Pan)
  2 yaks (Lair:3)
  A harpy simulacrum (Coc:7)
  2 acid dragons (Lair:5)
  A water moccasin (Lair:3)
  A naga (Snake:3)
  An ettin simulacrum (Coc:7)
  A black bear (D:5)
  An ice beast (D:5)
  A wolf (Lair:4)
  An iguana (D:4)
  An orc wizard (Orc:2)
  2 mummies
  An orc (Orc:2)
  2 fire vortices
  2 starspawn tentacles
136 creatures vanquished.

Vanquished Creatures (others)
  A dread lich (Tomb:3)
  2 royal mummies (Tomb:1)
  A shard shrike (Coc:6)
  A hellephant (Geh:5)
  2 Hell Sentinels
  A lich (Tomb:2)
  An eldritch tentacle (Pan)
  3 deep elf blademasters (Elf:3)
  2 ancient champions (Tomb:3)
  A storm dragon (Zot:5)
  A revenant (Tomb:2)
  A draconian knight (Zig:14)
  A nagaraja (Snake:4)
  A fire giant (Geh:2)
  A demonspawn warmonger (Zig:12)
  A vault warden (Vaults:5)
  2 deep elf sorcerers (Elf:3)
  A shard shrike simulacrum (Coc:3)
  4 deep elf elementalists (Elf:3)
  A draconian stormcaller (Zig:14)
  A draconian annihilator (Pan)
  A demonspawn blood saint (Zig:12)
  A demonspawn corrupter (Zig:12)
  A bennu (Tomb:3)
  5 deep elf annihilators (Elf:3)
  A red draconian (Zot:5)
  3 deep elf death magi (Elf:3)
  2 green deaths (Zig:12)
  A yaktaur captain (Vaults:5)
  7 mummy priests
  6 deep elf high priests
  A rakshasa (Zig:12)
  A caustic shrike simulacrum (Coc:3)
  2 salamander tyrants (Snake:4)
  4 vault guards (Vaults:5)
  A quicksilver dragon skeleton (Tomb:3)
  2 hell beasts (Zig:12)
  A merfolk aquamancer (Shoals:4)
  16 death scarabs
  2 naga warriors (Snake:4)
  An anaconda (Snake:4)
  A naga sharpshooter (Snake:4)
  A salamander mystic (Snake:4)
  5 skeletal warriors
  3 deep elf archers (Elf:3)
  An obsidian statue (Zig:12)
  A naga ritualist (Snake:4)
  2 spriggan simulacra
  A bunyip skeleton (Tomb:3)
  A wizard (Pan)
  3 deep elf zephyrmancers (Elf:3)
  An anaconda skeleton (Tomb:3)
  A deep elf pyromancer (Elf:3)
  4 guardian serpents (Snake:4)
  A rust devil (Zig:12)
  A smoke demon (Pan)
  2 black mambas (Snake:4)
  An efreet (Zig:12)
  3 naga magi (Snake:4)
  An unseen horror (D:13)
  A hellion (Zig:12)
  A tormentor (Geh:6)
  An anaconda simulacrum (Coc:7)
  30 guardian mummies
  A meliai (shapeshifter) (Elf:3)
  A troll (D:10)
  A large abomination (Pan)
  16 flying skulls (Tomb:3)
  A water elemental (Elf:3)
  A centaur simulacrum (Coc:1)
  A dire elephant simulacrum (Coc:3)
  6 ushabtiu
  2 golden eyes (Pan)
  2 chaos spawn (Pan)
  3 harpy simulacra
  4 nagas
  16 mummies
  A shadow imp (Abyss:2)
  3 ball lightnings (Pan)
  4 creeping infernos
  7 fire vortices
  9 foxfires
  60 starspawn tentacles
  14 tentacles
309 creatures vanquished.

Grand Total: 4386 creatures vanquished

Notes
Turn   | Place    | Note
-------+----------+-------------------------------------------
     0 | D:1      | PROFITTTT the Demonspawn Gladiator began the quest for the
                  | Orb.
     0 | D:1      | Reached XP level 1. HP: 16/16 MP: 1/1
   136 | D:1      | Gained mutation: You regenerate a little health from kills.
                  | [demonic ancestry]
   136 | D:1      | Reached XP level 2. HP: 22/23 MP: 2/2
   345 | D:1      | Reached skill level 1 in Stealth
   485 | D:1      | Reached XP level 3. HP: 29/29 MP: 3/3
  1192 | D:2      | Noticed Terence
  1211 | D:2      | Killed Terence
  1540 | D:2      | Reached XP level 4. HP: 35/35 MP: 4/4
  2376 | D:3      | Reached skill level 1 in Maces & Flails
  2938 | D:4      | Reached XP level 5. HP: 32/42 MP: 5/5
  3023 | D:4      | Noticed Dowan
  3232 | D:4      | Noticed Sigmund
  3245 | Abyss:1  | Cast into level 1 of the Abyss (Sigmund)
  3270 | Abyss:1  | Found a corrupted altar of Lugonu.
  3273 | Abyss:1  | Found a corrupted altar of Lugonu.
  3273 | Abyss:1  | Found a corrupted altar of Lugonu.
  3274 | Abyss:1  | Became a worshipper of Lugonu the Unformed
  3274 | Abyss:1  | Reached * piety under Lugonu
  3274 | Abyss:1  | Reached ** piety under Lugonu
  3275 | D:4      | Escaped the Abyss
  3294 | D:4      | Killed Sigmund
  3295 | D:4      | Reached skill level 1 in Axes
  3295 | D:4      | Gained mutation: Your touch may inflict minor irresistible
                  | damage on your foes. [demonic ancestry]
  3295 | D:4      | Reached XP level 6. HP: 36/50 MP: 5/7
  3315 | D:4      | Found a staircase to the Ecumenical Temple.
  3390 | D:4      | Reached skill level 5 in Fighting
  3402 | D:4      | Gained mutation: A weak demonic guardian rushes to your
                  | aid. [demonic ancestry]
  3402 | D:4      | Reached XP level 7. HP: 52/56 MP: 7/9
  3540 | D:4      | Noticed Eustachio
  3557 | D:4      | Killed Eustachio
  3786 | D:4      | Reached skill level 1 in Short Blades
  3908 | D:4      | Noticed Duvessa
  3931 | D:4      | Killed Duvessa
  4180 | D:4      | Killed Dowan
  4181 | D:4      | Reached skill level 5 in Invocations
  4316 | D:4      | Learned a level 2 spell: Ensorcelled Hibernation
  4320 | D:4      | Learned a level 3 spell: Confusing Touch
  4712 | D:5      | Entered Level 5 of the Dungeon
  4748 | D:5      | Reached XP level 8. HP: 41/64 MP: 11/11
  5092 | D:5      | Found a radiant altar of Vehumet.
  5095 | D:5      | Found a snail-covered altar of Cheibriados.
  5099 | D:5      | Found an iron altar of Okawaru.
  5100 | D:5      | Found an opulent altar of Gozag.
  5102 | D:5      | Found a stormy altar of Qazlal.
  5102 | D:5      | Found a shimmering blue altar of Sif Muna.
  5103 | D:5      | Found a broken altar of Ashenzari.
  5105 | D:5      | Found a hazy altar of Hepliaklqana.
  5109 | D:5      | Found a sparkling altar of Nemelex Xobeh.
  5133 | D:5      | Found a hide-covered altar of Uskayaw.
  5299 | D:5      | Found Nulazaf's Assorted Antiques.
  5382 | D:5      | Bought a jade ring for 125 gold pieces
  5383 | D:5      | Bought a scroll labelled RUTHOK EGOA for 25 gold pieces
  5383 | D:5      | Bought a scroll labelled VAAPAMM KIPNI for 25 gold pieces
  5383 | D:5      | Bought a scroll labelled EGHUXORUTOA for 25 gold pieces
  5383 | D:5      | Bought 2 scrolls labelled JUKLUB GYZAUMEIL for 50 gold
                  | pieces
  6093 | D:6      | Gained mutation: Your touch may inflict irresistible damage
                  | on your foes. [demonic ancestry]
  6093 | D:6      | Reached XP level 9. HP: 71/72 MP: 14/14
  6131 | D:6      | Reached skill level 5 in Maces & Flails
  6374 | D:6      | Found a runed translucent gate.
  6375 | D:6      | Found a runed translucent gate.
  6375 | D:6      | Found a runed translucent gate.
  6375 | D:6      | Noticed Xoff's ghost (novice GnCj)
  6378 | D:6      | Identified the +0 chain mail of Jigsaw {rF+ Regen+}
  6801 | D:7      | Identified 2 scrolls of acquirement
  6801 | D:7      | Acquired a manual of Armour
  6803 | D:7      | Acquired the +9 eveningstar of Destiny {pain, Str+4 Stlth+}
  6862 | D:7      | Reached skill level 1 in Ice Magic
  6922 | D:7      | Reached *** piety under Lugonu
  6964 | D:7      | Found a sand-covered staircase.
  7024 | Ossuary  | Entered an ossuary
  7214 | Ossuary  | Reached **** piety under Lugonu
  7308 | Ossuary  | Noticed Menkaure
  7314 | Ossuary  | Killed Menkaure
  8088 | D:7      | Found a basalt altar of Yredelemnul.
  8465 | D:7      | Gained mutation: Your touch may irresistibly damage your
                  | foes and sap their willpower. [demonic ancestry]
  8465 | D:7      | Reached XP level 10. HP: 72/77 MP: 16/16
  8873 | D:8      | Reached ***** piety under Lugonu
  8959 | D:8      | Found an ancient bone altar of Kikubaaqudgha.
  9139 | D:8      | Noticed Maurice
  9185 | D:8      | Noticed Pikel
  9200 | D:8      | Killed Pikel
  9541 | D:8      | Killed Maurice
  9859 | D:8      | Noticed Erica
  9870 | D:8      | Banished Erica
  9880 | D:8      | Noticed Grum
  9906 | D:8      | Killed Grum
 10538 | D:9      | Paralysed by a hornet for 3 turns
 11389 | D:9      | Found a staircase to the Lair.
 11722 | D:10     | Entered Level 10 of the Dungeon
 11851 | D:10     | Reached skill level 10 in Invocations
 11882 | D:10     | Found Pyned's General Store.
 11911 | D:10     | Noticed Lodul
 11999 | D:11     | Noticed a cyclops
 12011 | D:11     | Banished a cyclops
 12012 | D:11     | Gained mutation: You have a somewhat thin skeletal
                  | structure. (Dex +2, Stealth+) [demonic ancestry]
 12012 | D:11     | Reached XP level 11. HP: 63/89 MP: 13/18
 12270 | D:11     | Noticed a two-headed ogre
 12287 | D:11     | Killed a two-headed ogre
 12288 | D:11     | Reached skill level 5 in Ice Magic
 12962 | D:11     | Reached skill level 1 in Long Blades
 13169 | D:12     | Noticed a two-headed ogre
 13187 | D:12     | Killed a two-headed ogre
 13616 | D:12     | Noticed a skeletal warrior
 13622 | D:12     | Reached skill level 10 in Maces & Flails
 13629 | D:12     | Banished a skeletal warrior
 13636 | D:12     | Reached skill level 10 in Fighting
 13711 | D:12     | Noticed Josephine
 14116 | D:12     | Reached XP level 12. HP: 97/97 MP: 20/20
 14264 | D:12     | Reached skill level 1 in Armour
 14408 | D:12     | Acquired the +1 helmet "Ferroy" {Slay+3}
 14542 | D:12     | Banished Josephine
 15554 | D:10     | Killed Lodul
 15747 | D:10     | Found a staircase to the Orcish Mines.
 15930 | D:10     | Found a shimmering altar of Xom.
 15987 | D:10     | Reached skill level 5 in Armour
 16300 | D:13     | Noticed a centaur warrior
 16314 | D:12     | Killed a centaur warrior
 16505 | Lair:1   | Entered Level 1 of the Lair of Beasts
 16505 | Lair:1   | Noticed Gastronok
 16525 | Lair:1   | Killed Gastronok
 16852 | Lair:1   | Gained mutation: A demonic guardian rushes to your aid.
                  | [demonic ancestry]
 16852 | Lair:1   | Reached XP level 13. HP: 65/103 MP: 22/22
 18334 | Lair:1   | Found the +3 pair of seven-league boots {Rampage+∞}
 18641 | Lair:2   | Found a staircase to the Snake Pit.
 19723 | Lair:2   | Identified the amulet of the Death Scarab {Reflect Slay+6
                  | SH+5}
 20100 | Lair:3   | Noticed Sonja
 20126 | Lair:3   | Killed Sonja
 20568 | Lair:3   | Reached ****** piety under Lugonu
 20768 | Lair:3   | Found a staircase to the Shoals.
 21111 | Lair:4   | Reached XP level 14. HP: 99/110 MP: 24/24
 22068 | Lair:5   | Entered Level 5 of the Lair of Beasts
 22082 | Lair:4   | Reached skill level 15 in Invocations
 22121 | Lair:4   | Reached skill level 10 in Armour
 22660 | Lair:5   | Reached skill level 15 in Maces & Flails
 23484 | Lair:5   | Found a staircase to the Slime Pits.
 23485 | Lair:5   | Found a viscous altar of Jiyva.
 25252 | Orc:1    | Entered Level 1 of the Orcish Mines
 25363 | Orc:1    | Noticed Snorg
 25369 | Orc:1    | Killed Snorg
 25446 | Orc:1    | Gained mutation: You regenerate health from kills. [demonic
                  | ancestry]
 25446 | Orc:1    | Reached XP level 15. HP: 110/110 MP: 26/26
 25527 | Orc:1    | Found Ifep's Antique Armour Emporium.
 25949 | Orc:2    | Entered Level 2 of the Orcish Mines
 25974 | Orc:2    | Found a staircase to the Elven Halls.
 26010 | Orc:2    | Found Seath's Antique Weapon Emporium.
 26010 | Orc:2    | Found Kutoem's Book Shop.
 26010 | Orc:2    | Found Xocala Karue's Jewellery Boutique.
 26010 | Orc:2    | Found Pug Rote's Antique Armour Emporium.
 26071 | Orc:2    | Bought a ring of poison resistance for 280 gold pieces
 27122 | D:13     | Reached skill level 15 in Armour
 27133 | D:13     | Learned a level 3 spell: Vampiric Draining
 27180 | D:13     | Reached skill level 1 in Necromancy
 27187 | D:13     | Learned a level 4 spell: Anguish
 27526 | D:13     | Found a gate to the Vaults.
 28487 | D:14     | Reached skill level 1 in Evocations
 28491 | D:14     | Gained mutation: You regenerate a lot of health from kills.
                  | [demonic ancestry]
 28491 | D:14     | Reached XP level 16. HP: 122/125 MP: 27/27
 29220 | D:15     | Entered Level 15 of the Dungeon
 29363 | D:15     | Reached skill level 5 in Necromancy
 29782 | Abyss:2  | Cast into level 2 of the Abyss (a wizard)
 29783 | D:15     | Escaped the Abyss
 29797 | D:15     | Found a staircase to the Depths.
 30007 | Snake:1  | Entered Level 1 of the Snake Pit
 30330 | Snake:1  | Found Evagh's Gadget Gallery.
 30338 | Snake:1  | Bought a box of beasts for 480 gold pieces
 30421 | Snake:1  | Found Murising's Assorted Antiques.
 30427 | Snake:1  | Bought a potion of cancellation for 136 gold pieces
 31198 | Snake:2  | Found the +3 Mad Mage's Maulers {Infuse+∞ VampMP -Cast}
 32345 | Snake:3  | Reached skill level 5 in Unarmed Combat
 32433 | Snake:3  | Reached XP level 17. HP: 126/135 MP: 24/28
 32987 | Snake:4  | Entered Level 4 of the Snake Pit
 34277 | Snake:4  | Corrupted Snake:4
 34277 | Snake:4  | Noticed a bone dragon
 34845 | Snake:4  | Got a serpentine rune of Zot
 35237 | Snake:4  | Identified the +3 scale mail of Lupu Wei {*Corrode rN+
                  | Slay+2 Stlth+}
 35428 | Shoals:1 | Entered Level 1 of the Shoals
 35553 | Shoals:1 | Found a frozen archway.
 35561 | IceCv    | Entered an ice cave
 35919 | IceCv    | Reached XP level 18. HP: 145/145 MP: 29/29
 35920 | IceCv    | Reached skill level 5 in Shapeshifting
 35920 | IceCv    | Gained mutation: You are robust. (+10% HP) [demonic
                  | ancestry]
 35920 | IceCv    | Reached XP level 19. HP: 145/166 MP: 30/30
 36254 | IceCv    | Identified the ring of the Soothsayer {rC+ Str+3}
 36981 | Shoals:1 | Noticed Kirke
 36993 | Shoals:1 | Killed Kirke
 37035 | Shoals:1 | Gained mutation: You are very robust. (+20% HP) [demonic
                  | ancestry]
 37035 | Shoals:1 | Reached XP level 20. HP: 167/190 MP: 31/31
 37094 | Shoals:1 | Found Rimecel's Jewellery Shop.
 37110 | Shoals:1 | Reached skill level 10 in Unarmed Combat
 37346 | Snake:1  | Bought a storm talisman for 1932 gold pieces
 37744 | Shoals:2 | Identified the +0 rapier of Disembowelment {protect, rF+++
                  | Will- Str+4 Stlth+}
 37747 | Shoals:2 | Found Waij Duq's Vocational Training.
 38392 | Shoals:3 | Found a blossoming altar of Fedhas.
 38875 | Shoals:4 | Entered Level 4 of the Shoals
 38939 | Shoals:4 | HP: 5/190 [merfolk/+2 trident of holy wrath[a merfolk
                  | impaler] (20)]
 39316 | Shoals:4 | Got a barnacled rune of Zot
 39517 | Shoals:4 | Identified the amulet "Wuxteloqa" {Faith *Slow rC- Regen+
                  | rCorr}
 40039 | Shoals:4 | Identified the ring "Feicapai" {rElec MP+9 Dex+6}
 40309 | Vaults:1 | Entered Level 1 of the Vaults
 40469 | Vaults:1 | Reached skill level 5 in Stealth
 40494 | Vaults:1 | Found Fialogh's Armour Emporium.
 40542 | Vaults:1 | Found a flickering gateway to a bazaar.
 40552 | Bazaar   | Entered a bazaar
 40552 | Bazaar   | Found Efrecyz's Jewellery Boutique.
 40552 | Bazaar   | Found Vetoehy's Jewellery Boutique.
 40580 | Bazaar   | Found Kistorphy's Jewellery Boutique.
 40629 | Bazaar   | Found Xesosos's Weapon Shop.
 41731 | Vaults:1 | Paralysed by a great orb of eyes for 2 turns
 42599 | Vaults:2 | Reached skill level 15 in Fighting
 43158 | Vaults:2 | Reached XP level 21. HP: 201/201 MP: 32/32
 43189 | Vaults:2 | Noticed Asterion
 43214 | Vaults:2 | Killed Asterion
 43397 | Vaults:2 | Identified the +7 war axe of Wrath {chaos, rElec Int+5
                  | Dex+8}
 43905 | Vaults:2 | Noticed Donald
 43923 | Vaults:2 | Killed Donald
 44680 | Vaults:3 | Identified the +7 battleaxe of the Lame Duck {pain, SInv}
 45924 | Vaults:3 | Found a staircase to the Crypt.
 46220 | Vaults:4 | Reached skill level 10 in Shapeshifting
 46477 | Vaults:4 | Acquired the +1 cloak of Responsibility {Rampage rPois rF+}
 46755 | Orc:1    | Bought a bloodstained chain mail for 199 gold pieces
 46755 | Orc:1    | Identified the +6 chain mail "Tejio" {MP-9 Int+4 Dex+4}
                  | (You bought it in a shop on level 1 of the Orcish Mines)
 46964 | Snake:1  | Bought a bloodstained plate armour for 476 gold pieces
 46964 | Snake:1  | Identified the +8 plate armour "Zofuqir" {Harm rF+ Will+
                  | Str-4} (You bought it in a shop on level 1 of the Snake
                  | Pit)
 48384 | Elf:1    | Entered Level 1 of the Elven Halls
 48458 | Elf:1    | Found Suriuh's Jewellery Emporium.
 48566 | Elf:1    | Found Doefuocs's Antique Weapon Emporium.
 48571 | Elf:1    | Found Ocwium's Book Shoppe.
 48572 | Elf:1    | Found Tobrafui's Weapon Emporium.
 48690 | Elf:1    | Reached XP level 22. HP: 209/210 MP: 33/33
 49038 | Elf:1    | Found a stormy altar of Qazlal.
 49635 | Elf:2    | Found a runed translucent gate.
 49643 | Elf:2    | Found a runed translucent gate.
 49643 | Elf:2    | Found a runed translucent gate.
 49682 | Elf:2    | Identified the +4 halberd "Weevowog" {freeze, Str-2 Int+5}
 49719 | Elf:2    | Found a large runed translucent door.
 49719 | Elf:2    | Found a large runed translucent door.
 49721 | Elf:2    | Noticed Sapher's ghost (journeyman HOWr)
 49841 | Elf:2    | Killed Sapher's ghost
 49952 | Elf:3    | Entered Level 3 of the Elven Halls
 50210 | Elf:3    | Corrupted Elf:3
 50375 | Elf:3    | Identified the +5 war axe of Dung {flame, Dex+4}
 50375 | Elf:3    | Identified the ring of Suwusch Bulo {rN+ Str-5 Int+4}
 50417 | Elf:3    | Got the Compendium of Ruinous Moulding
 50429 | Elf:3    | Identified the +8 chain mail of Foolhardiness {*Corrode
                  | Int+7}
 50442 | Elf:3    | Got the Thoughts on Productive Confrontation
 50452 | Elf:3    | Got the Elucidation of Shocking Erosion
 50495 | Elf:3    | Identified the amulet "Otaukluv" {Reflect Int+2 SH+5}
 50502 | Elf:3    | Identified the amulet of Gozag's Scorn {Spirit rC- rN+
                  | rCorr}
 50511 | Elf:3    | Identified the ring of Resumed Hostilities {rC+ rN+ EV+5
                  | Str-3}
 50513 | Elf:3    | Identified the +4 dagger "Huakh" {pain, rN+ rCorr Dex-5
                  | SInv}
 51339 | Vaults:5 | Entered Level 5 of the Vaults
 51340 | Vaults:5 | Corrupted Vaults:5
 51368 | Vaults:5 | Reached skill level 15 in Unarmed Combat
 51530 | Vaults:5 | Noticed an ancient lich
 51663 | Vaults:5 | Gained mutation: You are extremely robust. (+30% HP)
                  | [demonic ancestry]
 51663 | Vaults:5 | Reached XP level 23. HP: 182/237 MP: 34/34
 52294 | Vaults:5 | Killed an ancient lich
 52652 | Vaults:5 | Noticed an ancient lich
 52665 | Vaults:5 | Killed an ancient lich
 52693 | Vaults:5 | Identified the +1 scale mail of Submission {Harm rElec
                  | Stlth+}
 52762 | Vaults:5 | Identified a +8 demon whip of distortion (a +6 antimagic
                  | demon whip corrupted by Lugonu)
 52762 | Vaults:5 | Received a gift from Lugonu
 52775 | Vaults:5 | Identified the +5 plate armour of Dissutem {rPois rN++ MP-9
                  | Stlth-}
 52778 | Vaults:5 | Identified the +1 mace "Zeocitz" {venom, Drain rPois rC-
                  | Will++}
 52808 | Vaults:5 | Identified the quicksilver dragon scales "Rauklic" {Will+
                  | Regen+}
 52813 | Vaults:5 | Identified the staff "Gugol" {rPois rC- rN+++ Will++
                  | Poison}
 52913 | Vaults:5 | Got a silver rune of Zot
 52951 | Vaults:5 | Identified the staff of the Final Decision {Contam rN+
                  | Str+2 Int+9 Dex+2 Necro}
 53314 | Vaults:5 | Identified the +0 scale mail "Biebb" {Regen+ SInv}
 53676 | Depths:1 | Entered Level 1 of the Depths
 53789 | Depths:1 | Identified the +7 short sword of Qyolikh {spect, rElec
                  | Str+6 Dex-2}
 53808 | Depths:1 | Found Tyiclydu's CLEARANCE SALE!.
 53855 | Depths:1 | Found Ikhlausm's Weapon Shop.
 54518 | Elf:1    | Bought the ring of Wommes {rElec rCorr Str+4} for 805 gold
                  | pieces
 54877 | Depths:1 | Found a gateway to Hell.
 55122 | Depths:2 | Reached skill level 15 in Shapeshifting
 55137 | Depths:2 | Found a flickering gateway to a bazaar.
 55162 | Depths:2 | Found a one-way gateway to a ziggurat.
 55174 | Bazaar   | Entered a bazaar
 55317 | Bazaar   | Found Qoga's Magic Scroll Shoppe.
 55347 | Bazaar   | Found Foviliu's Jewellery Boutique.
 55389 | Bazaar   | Found Ekloa's Book Shoppe.
 55440 | Bazaar   | Found Xesor's Jewellery Shoppe.
 55448 | Bazaar   | Bought the ring "Tass" {Wiz rN++ MP+9 Str-2 Stlth+} for 455
                  | gold pieces
 55505 | Bazaar   | Bought a scroll of enchant armour for 75 gold pieces
 55505 | Bazaar   | Bought a scroll of acquirement for 520 gold pieces
 55505 | Bazaar   | Bought a scroll of fear for 40 gold pieces
 55508 | Bazaar   | Acquired 763 gold pieces
 55629 | Depths:2 | Noticed a caustic shrike
 55996 | Depths:1 | Killed a caustic shrike
 56010 | Depths:2 | Identified the +11 war axe of Hiar {holy, rF++ Will- MP+9
                  | Dex-4}
 56010 | Depths:2 | Identified the ring "Vigag" {Will+ Dex+6}
 56423 | Depths:2 | Noticed Mara
 56429 | Depths:2 | Noticed PROFITTTT's illusion
 56568 | Depths:2 | Noticed PROFITTTT's illusion
 56578 | Depths:1 | Killed Mara
 56657 | Depths:2 | Identified the +4 mace "Buhesuhe" {pain, *Noise rElec rF++
                  | rN+}
 56749 | Depths:2 | Found a one-way gate leading to the halls of Pandemonium.
 56767 | Depths:2 | Found a broken altar of Ashenzari.
 56983 | Depths:2 | Noticed Nikola
 56995 | Depths:2 | Killed Nikola
 57029 | Depths:2 | Identified the +0 ring mail of Heum {Int+3}
 57375 | Depths:3 | Gained mutation: You have a moderately thin skeletal
                  | structure. (Dex +4, Stealth++) [demonic ancestry]
 57375 | Depths:3 | Reached XP level 24. HP: 129/226 MP: 34/34
 57954 | Depths:4 | Entered Level 4 of the Depths
 57988 | Depths:3 | Noticed a dread lich
 57993 | Depths:3 | Killed a dread lich
 58418 | Depths:3 | Gained mutation: Your muscles are strong. (Str +4, Int/Dex
                  | -1) [mutagenic glow]
 58478 | Depths:3 | Identified the +2 chain mail of the Game Afoot {+Inv rN+
                  | Str+2}
 58520 | Depths:3 | Noticed Mennas
 58733 | Depths:3 | Noticed Sojobo
 58784 | Depths:3 | Paralysed by an air elemental for 1 turns
 58788 | Depths:3 | Paralysed by an air elemental for 1 turns
 58800 | Depths:3 | Killed Sojobo
 59163 | Depths:3 | Banished Mennas
 59665 | Depths:3 | Gained mutation: A powerful demonic guardian rushes to your
                  | aid. [demonic ancestry]
 59665 | Depths:3 | Reached XP level 25. HP: 245/245 MP: 34/34
 59952 | Depths:3 | Found a one-way gate to the infinite horrors of the Abyss.
 60287 | Depths:4 | Identified the +0 helmet of the Quahog {rElec Str+5}
 60324 | Depths:4 | Found a corrupted altar of Lugonu.
 60513 | Depths:4 | Found a gate to the Realm of Zot.
 60602 | Depths:4 | Identified the +7 arbalest of Ufeax {penet, rElec rF++ rC-
                  | Stlth+}
 60630 | Depths:4 | Found Masuixto's Book Boutique.
 60630 | Depths:4 | Found Ruuhiwoe's Jewellery Emporium.
 60632 | Depths:4 | Found Nompiucuti's Book Boutique.
 60849 | Depths:4 | Paralysed by a floating eye for 2 turns
 61677 | Zot:1    | Entered Level 1 of the Realm of Zot
 62387 | Zot:2    | Noticed a Killer Klown
 62430 | Zot:2    | Killed a Killer Klown
 62431 | Zot:2    | Gained mutation: You have an unnaturally thin skeletal
                  | structure. (Dex +6, Stealth+++) [demonic ancestry]
 62431 | Zot:2    | Reached XP level 26. HP: 149/266 MP: 34/34
 62913 | Zot:2    | Identified the +2 scale mail of the Blind Marksman {Drain
                  | Regen+ Dex+4}
 63723 | Zot:3    | Noticed Parghit
 63735 | Zot:3    | Banished Parghit
 64006 | Zot:3    | Learned a level 4 spell: Manifold Assault
 65288 | Zot:4    | Identified the +10 spear of Impermanence {flame, rF+}
 65842 | Zot:5    | Entered Level 5 of the Realm of Zot
 66024 | Zot:5    | Reached skill level 5 in Dodging
 66649 | Slime:1  | Entered Level 1 of the Pits of Slime
 66664 | Slime:2  | Noticed Dissolution
 66668 | Slime:2  | Killed Dissolution
 67229 | D:5      | Bought a scroll of immolation for 100 gold pieces
 67229 | D:5      | Bought a phantom mirror for 1000 gold pieces
 67229 | D:5      | Bought a potion of might for 100 gold pieces
 68497 | Slime:5  | Entered Level 5 of the Pits of Slime
 68533 | Slime:5  | Noticed the Royal Jelly
 68543 | Slime:5  | Killed the Royal Jelly
 68992 | Slime:5  | Gained mutation: You are resistant to electric shocks.
                  | (rElec) [a shining eye]
 69214 | Slime:5  | Gained mutation: You have very sharp teeth. [a shining eye]
 69365 | Slime:5  | Reached XP level 27. HP: 264/280 MP: 34/34
 69507 | Slime:5  | Got a slimy rune of Zot
 69628 | Slime:5  | Identified the +7 rapier of Turmoil {venom, +Blink rF-
                  | rC++}
 69629 | Slime:5  | Identified the +2 flail of Intuition {heavy, rF+ rC+ SInv}
 70402 | Crypt:1  | Entered Level 1 of the Crypt
 70829 | Crypt:1  | Identified the ring of Amelioration {rF+ rN+ Will- Str+3
                  | Dex+4}
 71023 | Crypt:1  | Found a runed translucent door.
 71023 | Crypt:1  | Found a shimmering altar of Xom.
 71023 | Crypt:1  | Noticed Gouluvih's ghost (adept FeSh)
 71197 | Crypt:1  | Killed Gouluvih's ghost
 71410 | Crypt:2  | Noticed Bai Suzhen
 71419 | Crypt:2  | Killed Bai Suzhen
 71451 | Crypt:2  | Identified the +1 ring mail of Fortitude {Dex+3}
 71563 | Crypt:2  | Identified the +2 leather armour "Xiutoeff" {rElec rC+
                  | Will+}
 72102 | Crypt:3  | Entered Level 3 of the Crypt
 72396 | Crypt:3  | Reached skill level 10 in Dodging
 73139 | Crypt:3  | Found a staircase to the Tomb.
 73141 | Crypt:3  | Noticed a dread lich
 73151 | Crypt:3  | Killed a dread lich
 73154 | Crypt:3  | Noticed a dread lich
 73156 | Crypt:3  | Paralysed by something for 3 turns
 73162 | Crypt:3  | Killed a dread lich
 73173 | Crypt:3  | Found the +3 crown of Dyrovepreva {rElec Int+2 SInv}
 73173 | Crypt:3  | Found the +7 sceptre of Torment {pain, torment}
 73223 | Crypt:3  | Noticed an ancient lich
 73229 | Crypt:3  | Killed an ancient lich
 73773 | Zig:1    | Entered Level 1 of a ziggurat
 73794 | Zig:2    | Entered Level 2 of a ziggurat
 73818 | Zig:3    | Entered Level 3 of a ziggurat
 73976 | Zig:3    | Identified the ring "Vinimel" {rElec rCorr Str-3 SInv}
 73981 | Zig:4    | Entered Level 4 of a ziggurat
 74007 | Zig:5    | Entered Level 5 of a ziggurat
 74047 | Zig:6    | Entered Level 6 of a ziggurat
 74193 | Zig:7    | Entered Level 7 of a ziggurat
 74236 | Zig:8    | Entered Level 8 of a ziggurat
 74244 | Zig:8    | Noticed Kurioraj the pandemonium lord
 74245 | Zig:8    | Noticed Vekoet the pandemonium lord
 74254 | Zig:8    | Killed Kurioraj the pandemonium lord
 74256 | Zig:8    | Killed Vekoet the pandemonium lord
 74310 | Zig:8    | Identified the +10 morningstar "Coicved" {venom, Dex+3}
 74319 | Zig:9    | Entered Level 9 of a ziggurat
 74329 | Zig:9    | Noticed Towihaah the pandemonium lord
 74345 | Zig:9    | Killed Towihaah the pandemonium lord
 74438 | Zig:9    | Got Ereshkigal's Elucidation of Striking
 74442 | Zig:9    | Identified the +0 scale mail "Taiq Gas" {Str+3}
 74450 | Zig:9    | Identified the amulet "Gunauq" {RegenMP Regen+ MP+9}
 74468 | Zig:10   | Entered Level 10 of a ziggurat
 74646 | Zig:10   | Got the Elucidation of Variable Hexes
 74647 | Zig:10   | Identified the +4 scale mail of Gallantry {*Corrode rF++
                  | Str+7}
 74648 | Zig:10   | Identified the +8 trident of the Omega Point {pain, Str+3
                  | Dex+5}
 74652 | Zig:11   | Entered Level 11 of a ziggurat
 74824 | Zig:11   | Identified the staff of the Shifting Viper {*Slow rF+ Will-
                  | Int+5 SInv Fire}
 74838 | Zig:12   | Entered Level 12 of a ziggurat
 74846 | Zig:12   | Noticed Oryew the pandemonium lord
 74851 | Zig:12   | Corrupted Zig:12
 74919 | Zig:12   | Killed Oryew the pandemonium lord
 74946 | Zig:12   | Acquired 765 gold pieces
 74948 | Zig:12   | Acquired a manual of Stealth
 74950 | Zig:12   | Identified the +2 trident of Cueps {drain, rC+ Dex+5}
 75000 | Zig:12   | Identified the +2 halberd of Infinity {vamp, Int+3}
 75037 | Zig:13   | Entered Level 13 of a ziggurat
 75045 | Zig:13   | Paralysed by an air elemental for 1 turns
 75052 | Zig:13   | Paralysed by an air elemental for 1 turns
 75113 | Zig:13   | Identified the ring "Ymoun" {Wiz rElec rPois}
 75115 | Zig:13   | Acquired 765 gold pieces
 75133 | Zig:14   | Entered Level 14 of a ziggurat
 75355 | Zig:14   | Identified the staff of Uncomfortable Rashes {rPois Int-5
                  | Stlth+ Conj}
 75359 | Zig:15   | Entered Level 15 of a ziggurat
 75457 | Zig:15   | Found the +3 greatsling "Punk" {acid, rCorr}
 75466 | Zig:15   | Identified the +11 shortbow of Breach {speed, rC+ Will+
                  | Int-3 Dex-2 Stlth+}
 75494 | Zig:16   | Entered Level 16 of a ziggurat
 75609 | Zig:16   | Paralysed by a wendigo for 1 turns
 75654 | Zig:16   | Reached skill level 10 in Evocations
 75691 | Zig:16   | Identified the ring "Haupudd" {Fire rPois rN+ Str-3 Dex+3}
 75693 | Zig:16   | Identified the ring "Zaariss" {Fly Will+ Str-5 Slay+3}
 75723 | Zig:17   | Entered Level 17 of a ziggurat
 75761 | Zig:17   | Noticed a dread lich
 75770 | Zig:17   | Killed a dread lich
 75772 | Zig:17   | Noticed an ancient lich
 75783 | Zig:17   | Noticed a dread lich
 75787 | Zig:17   | Killed an ancient lich
 75797 | Zig:17   | Killed a dread lich
 75827 | Zig:17   | Identified the staff "Ushruilo" {rN+ Will+ Int+2 Necro}
 75828 | Zig:17   | Identified the +5 glaive of Courage {heavy, Str+2}
 75856 | Zig:17   | Identified the ring of Crawling {Fire Stlth+}
 75860 | Zig:17   | Identified the +5 morningstar "Emamitho" {spect, Int+4}
 75862 | Zig:17   | Identified the ring "Put-Me-On" {rC+ EV+5 Str+5}
 75871 | Zig:18   | Entered Level 18 of a ziggurat
 76040 | Zig:18   | Found the +4 skin of Zhor {*Englaciate rC+++ SInv}
 76085 | Zig:19   | Entered Level 19 of a ziggurat
 76413 | Zig:19   | Found the +8 demon trident "Rift" {distort, reach+}
 76510 | Zig:19   | Identified the +0 morningstar of Blind Justice {drain,
                  | rPois rCorr Int+2}
 76521 | Zig:19   | Identified the staff of Infection {rPois Int-4 Dex+8
                  | Poison}
 76525 | Zig:19   | Identified the ring of Sadwiuh {rF+ MP-9 Str+2 Dex+3}
 76541 | Zig:19   | Identified the staff "Uruyk" {rN+ Int+3 Dex+5 Necro}
 76904 | Zot:5    | Noticed a dread lich
 76906 | Zot:5    | Noticed an orb of fire
 76916 | Zot:5    | Noticed an orb of fire
 76919 | Zot:5    | Noticed an orb of fire
 76921 | Zot:5    | Noticed an orb of fire
 76930 | Zot:5    | Noticed a dread lich
 76931 | Zot:5    | Noticed an ancient lich
 76960 | Abyss:2  | Killed Josephine
 76973 | Abyss:2  | Found a corrupted altar of Lugonu.
 77026 | Zot:5    | Escaped the Abyss
 77027 | Zot:5    | Corrupted Zot:5
 77042 | Zot:5    | Noticed an orb of fire
 77044 | Zot:5    | Killed an orb of fire
 77051 | Zot:5    | Killed an ancient lich
 77065 | Zot:5    | Noticed an orb of fire
 77080 | Zot:5    | Killed an orb of fire
 77282 | Zot:5    | Banished an orb of fire
 77308 | Zot:5    | Banished an orb of fire
 77595 | Zot:5    | Killed a dread lich
 77613 | Zot:5    | Killed an orb of fire
 77679 | Zot:5    | Noticed an ancient lich
 77701 | Zot:5    | Killed an orb of fire
 77707 | Zot:5    | Killed an ancient lich
 77738 | Zot:5    | Killed a dread lich
 77752 | Zot:5    | Noticed an orb of fire
 77772 | Zot:5    | Killed an orb of fire
 77933 | Zot:5    | Noticed a dread lich
 77938 | Zot:5    | Killed a dread lich
 78328 | Pan      | Entered Pandemonium
 78420 | Pan      | Found an opulent altar of Gozag.
 78421 | Pan      | Found Ifumiss's Jewellery Boutique.
 78473 | Pan      | Found an opulent altar of Gozag.
 78495 | Pan      | Found Ifumiss's Fine Accessories.
 78521 | Pan      | Found Ifumiss's Assorted Sundries.
 78529 | Pan      | Found an opulent altar of Gozag.
 78860 | Pan      | Bought a wand of paralysis (4) for 201 gold pieces
 78860 | Pan      | Bought a wand of acid (7) for 617 gold pieces
 78860 | Pan      | Bought a wand of roots (3) for 151 gold pieces
 78860 | Pan      | Bought a wand of paralysis (6) for 302 gold pieces
 79136 | Pan      | Found Ifumiss's Demonic Rune Store.
 79136 | Pan      | Noticed Nidi the pandemonium lord
 79154 | Pan      | Killed Nidi the pandemonium lord
 79306 | Pan      | Bought a demonic rune of Zot for 6572 gold pieces
 79340 | Pan      | Found a transporter.
 79411 | Pan      | Found a transporter.
 79427 | Pan      | Identified the +4 hat "Polaah" {Rampage rN+}
 79445 | Pan      | Identified the ring of the Republic {rF- Will++ EV+5 Int+3
                  | Stlth+}
 79481 | Pan      | Reached skill level 15 in Dodging
 80071 | Pan      | Noticed Lefugil the pandemonium lord
 80083 | Pan      | Killed Lefugil the pandemonium lord
 80200 | Pan      | Reached skill level 1 in Shields
 80818 | Pan      | Noticed Ogugg the pandemonium lord
 80832 | Pan      | Killed Ogugg the pandemonium lord
 80894 | Pan      | Entered the realm of Cerebov.
 81010 | Pan      | Reached skill level 5 in Shields
 81058 | Pan      | Identified the +10 short sword of the Magi {flame, rPois
                  | rF+ rCorr Str+4}
 81111 | Pan      | Identified the +10 halberd of the Toadstool {protect, Fly
                  | Str+4 Dex-3 Stlth+}
 81114 | Pan      | Identified the +0 ring mail "Rouggaiph" {*Corrode rF+ rN+
                  | SInv}
 81157 | Pan      | Found the +6 sword of Cerebov {flame}
 81157 | Pan      | Noticed Cerebov
 81193 | Pan      | Killed Cerebov
 81301 | Pan      | Identified the ring "Wenlun" {rElec rF+ rC- rN+ SInv}
 81325 | Pan      | Identified the +9 falchion "Diboblat" {venom, rPois}
 81328 | Pan      | Identified the ring "Araib" {MP+9 Str+2 Int+6 Slay+3}
 81360 | Pan      | Got Ukaergh's Folio of the Salamander and Summoning
 81372 | Pan      | Got a fiery rune of Zot
 81490 | Pan      | Entered the realm of Gloorx Vloq.
 81617 | Pan      | Noticed Gloorx Vloq
 81674 | Pan      | Killed Gloorx Vloq
 81690 | Pan      | Got a dark rune of Zot
 81769 | Pan      | Identified the +6 dagger of Success {protect, rC- Will+++
                  | MP+9 Int+4}
 81844 | Pan      | Entered the realm of Lom Lobon.
 81999 | Pan      | Identified the amulet of Surprise {Regen+ rCorr}
 82049 | Pan      | Noticed Lom Lobon
 82069 | Pan      | Killed Lom Lobon
 82104 | Pan      | Reached skill level 10 in Shields
 82658 | Pan      | Reached skill level 10 in Stealth
 82762 | Pan      | Got a magical rune of Zot
 83057 | Depths:2 | Escaped Pandemonium
 83059 | Pan      | Entered Pandemonium
 83231 | Pan      | Noticed Mycra the pandemonium lord
 83242 | Pan      | Killed Mycra the pandemonium lord
 83709 | Pan      | Noticed Jemucs the pandemonium lord
 83717 | Pan      | Killed Jemucs the pandemonium lord
 83725 | Pan      | Identified the +2 robe "Ydocig" {rC+ Dex+3}
 83790 | Pan      | Noticed Xulavar the pandemonium lord
 83803 | Pan      | Killed Xulavar the pandemonium lord
 83832 | Pan      | Found an exit through the horrors of the Abyss.
 83846 | Pan      | Entered the realm of Mnoleg.
 84399 | Pan      | Identified the +9 bardiche "Inoe" {flame, Str+3 Dex+3}
 84435 | Pan      | Noticed Mnoleg
 84473 | Pan      | Killed Mnoleg
 84486 | Pan      | Paralysed by a floating eye for 3 turns
 84497 | Pan      | Paralysed by a floating eye for 3 turns
 84541 | Pan      | Got a glowing rune of Zot
 84607 | Pan      | Identified the +0 leather armour "Cuakheig" {Contam Int+3
                  | Dex+8 Stlth+}
 84895 | Abyss:2  | Killed Mennas
 84933 | Abyss:2  | Noticed an ancient lich
 84940 | Abyss:2  | Killed an ancient lich
 85394 | Abyss:2  | Killed Parghit
 85475 | Abyss:3  | Found a corrupted altar of Lugonu.
 85485 | Abyss:3  | Killed an orb of fire
 85514 | Abyss:3  | Noticed a dread lich
 85522 | Abyss:3  | Killed a dread lich
 85617 | Abyss:3  | Noticed a juggernaut
 85621 | Abyss:3  | Killed a juggernaut
 85625 | Abyss:3  | Got an abyssal rune of Zot
 85650 | Abyss:3  | Killed Erica
 85656 | Pan      | Escaped the Abyss
 85664 | Pan      | Found an exit through the horrors of the Abyss.
 85690 | Pan      | Took an exit into the Abyss.
 85690 | Abyss:3  | Escaped into the Abyss
 85690 | Abyss:3  | Found a corrupted altar of Lugonu.
 85691 | Abyss:3  | Found a corrupted altar of Lugonu.
 85703 | Abyss:3  | Found a corrupted altar of Lugonu.
 85708 | Abyss:3  | Found a corrupted altar of Lugonu.
 85755 | Abyss:3  | Found a corrupted altar of Lugonu.
 85759 | Depths:2 | Escaped the Abyss
 85794 | Hell     | Entered the Vestibule of Hell
 85794 | Hell     | Noticed Murray
 85794 | Hell     | Noticed Geryon
 85806 | Hell     | Killed Geryon
 85818 | Depths:2 | Killed Murray
 86272 | Hell     | Found a gateway to the decaying netherworld of Tartarus.
 86288 | Tar:1    | Entered Level 1 of Tartarus
 86298 | Tar:1    | Noticed a dread lich
 86317 | Tar:1    | Killed a dread lich
 86682 | Tar:2    | Noticed a dread lich
 86692 | Tar:2    | Killed a dread lich
 87002 | Tar:4    | Noticed a juggernaut
 87009 | Tar:4    | Killed a juggernaut
 87010 | Tar:4    | Reached skill level 15 in Stealth
 87018 | Tar:4    | Noticed a juggernaut
 87029 | Tar:4    | Killed a juggernaut
 87053 | Tar:4    | Noticed a juggernaut
 87055 | Tar:4    | Noticed a juggernaut
 87061 | Tar:4    | Noticed a juggernaut
 87066 | Tar:4    | Killed a juggernaut
 87085 | Tar:4    | Killed a juggernaut
 87098 | Tar:4    | Killed a juggernaut
 87099 | Tar:4    | Reached skill level 27 in Unarmed Combat
 87409 | Tar:7    | Entered Level 7 of Tartarus
 87411 | Tar:7    | Noticed an ancient lich
 87421 | Tar:7    | Killed an ancient lich
 87676 | Tar:7    | Noticed an ancient lich
 87682 | Tar:7    | Killed an ancient lich
 87912 | Tar:7    | Noticed Ereshkigal
 87936 | Tar:7    | Killed Ereshkigal
 87958 | Tar:7    | Noticed a dread lich
 87971 | Tar:7    | Killed a dread lich
 88021 | Tar:7    | Got a bone rune of Zot
 88157 | Hell     | Found a gateway to the freezing wastes of Cocytus.
 88224 | Coc:1    | Entered Level 1 of Cocytus
 88257 | Coc:2    | You are sucked into a shaft and drop 1 floor!
 88502 | Coc:3    | Paralysed by a wendigo for 1 turns
 88511 | Coc:3    | Paralysed by a wendigo for 1 turns
 88638 | Coc:4    | Noticed a dread lich
 88723 | Coc:4    | Killed a dread lich
 89005 | Coc:7    | Entered Level 7 of Cocytus
 89008 | Coc:7    | Noticed the Serpent of Hell
 89196 | Coc:7    | Paralysed by a wendigo for 1 turns
 89409 | Coc:7    | Killed the Serpent of Hell
 89569 | Coc:7    | Paralysed by a wendigo for 1 turns
 89708 | Coc:7    | Noticed Antaeus
 89744 | Coc:7    | Killed Antaeus
 89756 | Coc:7    | Got an icy rune of Zot
 90066 | Hell     | Found a gateway to the Iron City of Dis.
 90079 | Dis:1    | Entered Level 1 of the Iron City of Dis
 90269 | Dis:3    | HP: 13/297 [quicksilver elemental/bolt of dispelling energy
                  | (18)]
 90939 | Dis:4    | Reached skill level 27 in Invocations
 91640 | Dis:7    | Entered Level 7 of the Iron City of Dis
 92367 | Dis:7    | Got the Omnibus of the Wind
 92635 | Dis:7    | Identified the +1 orcbow of the Horn {heavy, Str+4 Int+3}
 92643 | Dis:7    | Identified the ring of Zuff {Ice rN+}
 92820 | Dis:7    | Noticed Dispater
 92845 | Dis:7    | Killed Dispater
 92893 | Dis:7    | Got an iron rune of Zot
 93026 | Hell     | Found a gateway to the ashen valley of Gehenna.
 93041 | Geh:1    | Entered Level 1 of Gehenna
 93041 | Geh:1    | You are sucked into a shaft and drop 1 floor!
 93061 | Geh:2    | Noticed a dread lich
 93066 | Geh:2    | Killed a dread lich
 93270 | Geh:3    | Noticed a dread lich
 93277 | Geh:3    | Killed a dread lich
 93946 | Geh:7    | Entered Level 7 of Gehenna
 94352 | Geh:7    | Identified the staff "Dicolou" {Drain rElec rC+ Dex+7 Ice}
 94394 | Geh:7    | Identified the +2 long sword of Friendship {flame, *Slow
                  | rPois rF+ Dex+3}
 94419 | Geh:7    | Found the +13 sceptre of Asmodeus
 94419 | Geh:7    | Noticed Asmodeus
 94447 | Geh:7    | Killed Asmodeus
 94456 | Geh:7    | Got an obsidian rune of Zot
 95196 | Tomb:1   | Entered Level 1 of the Tomb of the Ancients
 95443 | Tomb:1   | Noticed a royal mummy
 95446 | Tomb:1   | Noticed a royal mummy
 95487 | Tomb:1   | Corrupted Tomb:1
 95489 | Tomb:1   | Noticed a royal mummy
 95494 | Tomb:1   | Noticed a royal mummy
 95496 | Tomb:1   | Noticed a royal mummy
 95501 | Tomb:1   | Killed a royal mummy
 95501 | Tomb:1   | Noticed a royal mummy
 95502 | Tomb:1   | Killed a royal mummy
 95549 | Tomb:1   | Noticed a royal mummy
 95555 | Tomb:1   | Killed a royal mummy
 95730 | Tomb:1   | Noticed a royal mummy
 95742 | Tomb:1   | Killed a royal mummy
 95754 | Tomb:1   | Noticed a royal mummy
 95757 | Tomb:1   | Noticed a royal mummy
 95759 | Tomb:1   | Noticed a royal mummy
 95762 | Tomb:1   | Killed a royal mummy
 95769 | Tomb:1   | Noticed a royal mummy
 95782 | Tomb:1   | Killed a royal mummy
 95797 | Tomb:1   | Killed a royal mummy
 95803 | Tomb:1   | HP: 13/309 [emperor scorpion[a royal mummy] (18)]
 95806 | Tomb:1   | Killed a royal mummy
 95904 | Tomb:1   | Noticed a royal mummy
 95915 | Tomb:1   | Killed a royal mummy
 95917 | Tomb:1   | Noticed a royal mummy
 95924 | Tomb:1   | Noticed a royal mummy
 95925 | Tomb:1   | Killed a royal mummy
 95926 | Tomb:1   | Noticed a royal mummy
 95928 | Tomb:1   | Noticed a royal mummy
 95932 | Tomb:1   | Noticed a royal mummy
 95932 | Tomb:1   | Noticed a royal mummy
 95942 | Tomb:1   | Noticed a royal mummy
 96284 | Tomb:1   | Killed a royal mummy
 96313 | Tomb:1   | Killed a royal mummy
 96348 | Tomb:1   | Killed a royal mummy
 96361 | Tomb:1   | Killed a royal mummy
 96407 | Tomb:1   | Noticed a royal mummy
 96418 | Tomb:1   | Killed a royal mummy
 96521 | Tomb:1   | Killed a royal mummy
 96536 | Tomb:1   | Noticed a royal mummy
 96551 | Tomb:1   | Noticed a royal mummy
 96552 | Tomb:1   | Killed a royal mummy
 96558 | Tomb:1   | Noticed a royal mummy
 96566 | Tomb:1   | Killed a royal mummy
 96568 | Tomb:1   | Killed a royal mummy
 96569 | Tomb:1   | Killed a royal mummy
 96578 | Tomb:1   | Killed a royal mummy
 96580 | Tomb:1   | Killed a royal mummy
 96590 | Tomb:1   | Killed a royal mummy
 96591 | Tomb:1   | Noticed a royal mummy
 96597 | Tomb:1   | Killed a royal mummy
 96672 | Tomb:2   | Noticed a royal mummy
 96674 | Tomb:2   | Noticed a royal mummy
 96705 | Tomb:2   | Noticed a royal mummy
 96728 | Tomb:2   | Killed a royal mummy
 96729 | Tomb:2   | Noticed a royal mummy
 96738 | Tomb:2   | Killed a royal mummy
 96751 | Tomb:2   | Killed a royal mummy
 96775 | Tomb:2   | Killed a royal mummy
 96890 | Tomb:2   | Corrupted Tomb:2
 96943 | Tomb:3   | Entered Level 3 of the Tomb of the Ancients
 96973 | Tomb:3   | Corrupted Tomb:3
 97008 | Tomb:3   | Noticed a dread lich
 97015 | Tomb:3   | Killed a dread lich
 97056 | Tomb:3   | Identified the amulet "Nuosameh" {Spirit rC++ rCorr Int+2
                  | Dex-5}
 97058 | Tomb:3   | Identified the +6 ring mail "Baqo" {*Corrode *Slow rElec
                  | Str+5 Dex+9}
 97074 | Tomb:3   | Noticed a royal mummy
 97089 | Tomb:3   | Killed a royal mummy
 97089 | Tomb:3   | Noticed a royal mummy
 97098 | Tomb:3   | Killed a royal mummy
 97099 | Tomb:3   | Noticed a royal mummy
 97123 | Tomb:3   | Killed a royal mummy
 97124 | Tomb:3   | Noticed a royal mummy
 97126 | Tomb:3   | Noticed a royal mummy
 97128 | Tomb:3   | Identified the ring "Zishrev" {rF+ Str+3 Int+8 Slay-4}
 97155 | Tomb:3   | Killed a royal mummy
 97183 | Tomb:3   | Identified the +8 dagger "Sicloed" {protect, rElec rPois
                  | Str-5 Dex-2}
 97198 | Tomb:3   | Killed a royal mummy
 97198 | Tomb:3   | Noticed a royal mummy
 97210 | Tomb:3   | Killed a royal mummy
 97296 | Tomb:3   | Noticed a royal mummy
 97309 | Tomb:3   | Killed a royal mummy
 97352 | Tomb:3   | Got a golden rune of Zot
 97378 | Tomb:3   | Noticed a royal mummy
 97388 | Tomb:3   | Killed a royal mummy
 97475 | Tomb:1   | Killed a royal mummy
 98171 | Zot:5    | Got the Orb of Zot
 98695 | D:$      | Escaped with the Orb!

Illustrated notes

Levels and vault maps discovered:
D:1:      giann_horns, layout_loops_ring
D:2:      layout_loops_cross, uniq_terence
D:3:      layout_basic, gup_sewer_entry_bubbles
D:4:      layout_gridville, minmay_temple_entry_wispy, st_stairs_6,
          kennysheep_generic_room_2, uniq_duvessa, uniq_eustachio, uniq_sigmund
D:5:      layout_cave_pools, eat_drink_and_be_merry_uskayaw,
          nicolae_overflow_hallway_of_the_gods, serial_shops, shop
D:6:      wander_river, layout_basic, biasface_ghost_orc_armoury,
          minmay_increasing_density
D:7:      layout_rooms, lemuel_doored_altar, nicolae_ossuary_entry_catacombs,
          serial_bayou_pond_d
D:8:      layout_basic, mainiacjoe_overflow_tiny_flanked, uniq_maurice,
          uniq_grum, uniq_pikel, uniq_erica
D:9:      layout_loops_corners, lair_entry_dummy, minivault_14
D:10:     layout_cave_pools, xom_confusion_cloud, orc_0_dummy, serial_shops,
          nicolae_shop_advertising_works [nicolae_subvault_shop_adworks],
          uniq_lodul
D:11:     layout_gridville
D:12:     hangedman_screamer, layout_loops_corners
D:13:     minmay_ornate_pinched, layout_rooms, lightli_vaults_fourway_checkpoint
D:14:     layout_basic, minmay_staircase_statues_hall_large
D:15:     grunt_enter_depths_magical_seal, layout_long_grid,
          chequers_serial_rivers_room_b
Lair:1:   layout_chaotic_city, serial_bayou_pond_d,
          hangedman_lair_unloving_vines,
          hellmonk_guarded_unrand_seven_league_boots, uniq_gastronok
Lair:2:   layout_misc_corridors, minmay_snake_entry_guardpost_small,
          special_room [special_room_bee]
Lair:3:   layout_chaotic_city, elwin_shoals_entry_rocks, uniq_sonja
Lair:4:   layout_cave_pods, gammafunk_lair_bear_cave, lemuel_fruit_tree,
          grunt_megastairs_4
Lair:5:   guppyfry_lair_end_dragon, layout_loops_ring,
          nicolae_slime_entry_slimehenge, grunt_megastairs_2
Shoals:1: layout_shoals, portal_ice_cave_entry_ice_statue_one, serial_shops,
          shop, uniq_josephine, uniq_kirke
Shoals:2: layout_shoals, nicolae_shop_vocational
Shoals:3: layout_shoals, lemuel_altar_in_water
Shoals:4: shoals_end_hangedman, layout_shoals
Snake:1:  layout_onion, serial_shops, nicolae_shop_overgrown_old_shop,
          nicolae_shop_gadgets
Snake:2:  layout_grid_maze
Snake:3:  layout_misc_corridors, grunt_megastairs_3
Snake:4:  grunt_snake_rune_serpentine_throne, layout_cave_shapes,
          serial_bayou_lagoon_a, nicolae_snake_snakewalk
Slime:1:  layout_caves, basic_altar, cheibrodos_slime_lost_civilization_7
Slime:2:  layout_caves, dissolution_awaits
Slime:3:  layout_caves
Slime:4:  layout_caves, nicolae_slime_phagocytosis
Slime:5:  slime_pit_nicolae_amoeboid
Orc:1:    layout_caves, serial_shops, shop, guppyfry_library_mini, uniq_snorg
Orc:2:    st_orc_ogre_mass, layout_caves
Elf:1:    nicolae_elf_arrival_no_cutting_in_line, layout_geoelf_octagon,
          serial_shops, shop, kennysheep_underground_church,
          nicolae_elf_altarnating, minmay_shop_star, lemuel_upstairs_altar
Elf:2:    nicolae_elf_blades_crystal_corner, layout_loops_cross,
          ebering_ghost_disaster_area, uniq_saint_roka
Elf:3:    minmay_elf_hall_quartered_circle, layout_geoelf_octagon,
          dreamdust_princess_corridor
Vaults:1: st_spiral_rooms, ontoclasm_vaults_shuriken,
          nicolae_vaults_storage_room_statues, hangedman_vaults_pinch,
          v_misc_31, nicolae_vaults_network_periphery,
          nicolae_vaults_closet_pinwheel_1,
          nicolae_vaults_taking_the_gang_shopping, layout_vaults_quadrants,
          serial_shops, bzr_firewalk
Vaults:2: nicolae_vaults_house_1, ontoclasm_vaults_bender,
          hangedman_vaults_river_flow, vaults_dpeg_encased_lava,
          nicolae_vaults_triangles, v_misc_13, v_misc_3,
          nicolae_vaults_network_star, nicolae_vaults_diagonal_hallway_9,
          vaults_mumra_minichess, nicolae_vaults_apartment_1, v_misc_23,
          nicolae_vaults_door_testing_chamber, v_alt_pattern_4,
          nicolae_vaults_offset_grid_hallway_4, layout_vaults_omnibox,
          uniq_donald, uniq_asterion
Vaults:3: nicolae_vaults_steering_wheel, nicolae_vaults_puzzle_piece,
          v_alt_pattern_3, vaults_standard_mumra_enter_the_diamond, v_misc_18,
          v_misc_13, grunt_vaults_trifunnel, dpeg_vaults_monster_box,
          vaults_room_glass_cross, nicolae_vaults_angled_halls,
          ontoclasm_vaults_gateway, nicolae_vaults_trapezoid_layered,
          nicolae_vaults_storage_room_glass, minmay_crypt_entry_nasty_monster,
          vaults_room_hallway, nicolae_vaults_theta, layout_vaults_maze_snakey
Vaults:4: nicolae_vaults_tetromino_Z_2, nicolae_vaults_stepped_doors,
          ontoclasm_vaults_chip, nicolae_vaults_storage_room_doors,
          nicolae_vaults_yaktaur_gun_rack, grunt_vaults_hallway_short,
          vaults_room_hallway, nicolae_vaults_turnstiles,
          nicolae_vaults_apartment_1, layout_vaults_omnicross
Vaults:5
Crypt:1:  layout_misc_corridors, ebering_ghost_xom, st_stairs_11
Crypt:2:  layout_misc_corridors, grunt_megastairs_5,
          roderic_lattice_octagonal_star, uniq_bai_suzhen
Crypt:3:  quadcrypt_mu
Tomb:1
Tomb:2
Tomb:3
Depths:1: layout_basic, serial_shops, nicolae_shop_behind_doors,
          hangedman_decor_clover_reticule, hell_entry, nicolae_shop_clearance
Depths:2: minmay_the_grid_square_5x5_4x4_mashed [minmay_the_grid_square_5x5_six,
          minmay_the_grid_square_5x5_checkered, minmay_the_grid_square_5x5_z,
          minmay_the_grid_square_5x5_hollow_slash,
          minmay_the_grid_square_5x5_broken_cross,
          minmay_the_grid_square_5x5_prize_monsterx,
          minmay_the_grid_square_5x5_prize_pseudospiral,
          minmay_the_grid_square_5x5_spiral, minmay_the_grid_square_5x5_two,
          minmay_the_grid_square_5x5_prize_gold,
          minmay_the_grid_square_5x5_prize_rear_guard,
          minmay_the_grid_square_5x5_c, minmay_the_grid_square_5x5_tie,
          minmay_the_grid_square_5x5_eight,
          minmay_the_grid_square_5x5_spiral_small,
          minmay_the_grid_square_5x5_moneybag], layout_small_grid,
          enter_ziggurat_f, serial_shops, freezing_bzr, grunt_hell_horde,
          nrook_mini_backslash, rand_demon_pan_entry_3, minmay_misc_feat_square,
          ashenzari_altar_1, uniq_nikola, uniq_mara
Depths:3: lemuel_river_lethe, hell_entry, abyss_entry, uniq_sojobo, uniq_mennas
Depths:4: grunt_zot_entry_pinwheel, layout_gridlike, hell_entry,
          abyss_entry_flame_altar, serial_bayou_shore_a, minmay_shop_grove,
          serial_bayou_shore_b, grunt_megastairs_1, serial_bayou_shore_b
Hell
Dis:1:    layout_gridville, nicolae_hells_seeping_fissure
Dis:2:    layout_regular_city
Dis:3:    layout_regular_city, nicolae_dis_lava_storage_tank,
          nrook_loot_triangle
Dis:4:    layout_subdivisions
Dis:5:    layout_regular_city, nicolae_dis_step_into_the_octagon
Dis:6:    layout_jigsaw
Dis:7:    iron_city_of_dis [dis_old, dis_wall_8], layout_gridville,
          nicolae_dis_distal_crystal
Geh:1:    layout_gehenna_pools_box, gehenna_fire_generator
Geh:2:    layout_gehenna_lava_caves, nicolae_geh_amphitheater
Geh:3:    nicolae_hells_giants_party, layout_gehenna_lava_caves
Geh:4:    layout_gehenna_lava_caves
Geh:5:    layout_gehenna_pools_basic
Geh:6:    layout_gehenna_pools_basic
Geh:7:    geh_old
Coc:1:    layout_ice_bergs
Coc:2:    layout_ice_bergs
Coc:3:    layout_cocytus_water_paths
Coc:4:    layout_cocytus_delve
Coc:5:    layout_ice_bergs, serial_ice, serial_ice_g, serial_ice_d,
          serial_ice_h, serial_ice_a, serial_ice_e
Coc:6:    layout_ice_bergs, serial_ice, serial_ice_b, serial_ice_n, serial_ice_c
Coc:7:    coc_old
Tar:1:    layout_grid_maze, evilmike_ambush [evilmike_ambush_outer_doors,
          evilmike_ambush_inner_wall_2]
Tar:2:    layout_grid_maze
Tar:3:    layout_grid_maze
Tar:4:    nicolae_hells_titanomachy
Tar:5:    layout_catacombs
Tar:6:    layout_cathedral_of_symmetry, nicolae_tar_cuneiform_bird
Tar:7:    tar_old
Zot:1:    layout_onion_interference, uniq_josephina
Zot:2:    kennysheep_ambush_hall, layout_cathedral_of_symmetry
Zot:3:    layout_gridlike, uniq_parghit
Zot:4:    lemuel_draconian_sentries_small, layout_misc_corridors
Zot:5:    layout_gridlike

Skill      XL: |  1  2  3  4  5  6  7  8  9 10 11 12 13 14 15 16 17 18 19 20 21 22 23 24 25 26 27 |
---------------+----------------------------------------------------------------------------------+-----
Fighting       | 3 4 5 6 7 8 9 10 11 12 13 14 15 16 17 25 | 25.1
Stealth        | 1 2 3 5 21 | 21.0
Maces & Flails | 2 4 6 8 10 12 14 15 | 15.9
Axes           | 1 2 |  2.1
Invocations    | 2 3 5 6 8 10 11 13 14 15 27 | 27.0
Short Blades   | 2 |  2.8
Ice Magic      | 3 4 5 |  5.1
Long Blades    | 3 |  3.8
Armour         | 6 9 13 15 16 17 18 21 | 21.8
Throwing       | 4 |  4.0
Necromancy     | 4 7 8 |  8.0
Evocations     | 1 4 14 | 14.0
Unarmed Combat | 5 9 12 14 15 16 17 27 | 27.0
Shapeshifting  | 3 5 7 11 13 16 18 20 21 26 | 26.0
Dodging        | 7 18 | 18.0
Shields        | 12 | 12.7
Spellcasting   | |  0.7
Hexes          | |  0.8

Action                     |  1- 3 |  4- 6 |  7- 9 | 10-12 | 13-15 | 16-18 | 19-21 | 22-24 | 25-27 || total
---------------------------+-------+-------+-------+-------+-------+-------+-------+-------+-------++-------
  Melee: Unarmed           |   149 |    24 |       |       |       |       |       |       |  5835 ||  6008
         Punch             |     2 |       |     6 |    20 |    37 |    24 |   112 |   169 |  1477 ||  1847
         Whip              |       |    94 |   361 |   576 |   980 |       |       |       |       ||  2011
         Touch             |       |     4 |    70 |   143 |   263 |   118 |   240 |   270 |  1299 ||  2407
         Rapier            |       |       |    38 |       |       |       |       |       |       ||    38
         Dagger            |       |       |     4 |       |       |       |       |       |       ||     4
         Eveningstar       |       |       |       |    46 |   168 |   606 |  1063 |   937 |   287 ||  3107
         Demon whip        |       |       |       |       |       |       |       |   269 |   604 ||   873
         Bite              |       |       |       |       |       |       |       |       |  1036 ||  1036
  Throw: Javelin           |     1 |     1 |       |       |       |       |       |       |       ||     2
         Throwing net      |     1 |     1 |       |       |       |       |       |       |       ||     2
         Dart              |       |       |       |     4 |    35 |     8 |     6 |       |     2 ||    55
 Invoke: Depart the Abyss  |       |     1 |       |       |       |     1 |       |       |     1 ||     3
         Banish            |       |       |       |    11 |    12 |     8 |    23 |    27 |    27 ||   108
         Corrupt           |       |       |       |       |       |     1 |       |     2 |     5 ||     8
         Brand Weapon With |       |       |       |       |       |       |       |     1 |       ||     1
         Enter the Abyss   |       |       |       |       |       |       |       |       |     2 ||     2
Ability: Siphon Essence    |       |       |       |       |       |       |       |       |    18 ||    18
         Blinkbolt         |       |       |       |       |       |       |       |       |     4 ||     4
         Begin Untransform |       |       |       |       |       |       |       |       |     1 ||     1
  Evoke: Wand              |       |       |     1 |     2 |    19 |       |       |     2 |    15 ||    39
         Tin of tremorston |       |       |       |       |       |     1 |     2 |     1 |     8 ||    12
         Phial of floods   |       |       |       |       |       |       |     1 |     1 |       ||     2
         Box of beasts     |       |       |       |       |       |       |     1 |       |     4 ||     5
         Phantom mirror    |       |       |       |       |       |       |       |       |     3 ||     3
         Horn of Geryon    |       |       |       |       |       |       |       |       |     6 ||     6
    Use: Scroll            |     2 |     2 |    17 |     7 |     7 |    10 |     9 |    20 |    63 ||   137
         Potion            |       |     1 |     1 |     5 |     9 |     2 |     7 |     9 |    13 ||    47
   Stab: Sleeping          |     2 |     5 |     9 |     1 |     4 |     1 |    11 |     2 |    40 ||    75
         Held in net/web   |     1 |       |       |       |       |       |       |       |       ||     1
         Distracted        |       |       |       |     1 |     2 |       |     1 |     1 |    40 ||    45
         Petrified         |       |       |       |       |     4 |       |       |       |       ||     4
         Petrifying        |       |       |       |       |     3 |       |       |       |       ||     3
         Confused          |       |       |       |       |       |       |       |     1 |       ||     1
         Paralysed         |       |       |       |       |       |       |       |       |     2 ||     2
 Armour: Leather armour    |    12 |       |       |       |       |       |       |       |       ||    12
         Ring mail         |    31 |    31 |    90 |   197 |   243 |       |       |       |       ||   592
         Chain mail        |       |       |       |       |   140 |   249 |   480 |       |       ||   869
         Acid dragon scale |       |       |       |       |     2 |       |       |       |       ||     2
         Plate armour      |       |       |       |       |       |       |    85 |   277 |       ||   362
         Quicksilver drago |       |       |       |       |       |       |       |   440 |   162 ||   602
         Skin              |       |       |       |       |       |       |       |       |   138 ||   138
         Gold dragon scale |       |       |       |       |       |       |       |       |  3740 ||  3740
  Dodge: Dodged            |    65 |    65 |   203 |   327 |   412 |   207 |   430 |   419 |  4717 ||  6845
  Block: Other             |       |       |       |       |   117 |   108 |   207 |   195 |   136 ||   763
         Reflection        |       |       |       |       |     3 |    18 |    19 |    16 |     7 ||    63
         Kite shield       |       |       |       |       |       |       |       |       |   122 ||   122
   Form: Storm             |       |       |       |       |       |       |       |       |     2 ||     2
         Death             |       |       |       |       |       |       |       |       |     1 ||     1

Table legend: (Time is in decaauts)
 A = Elapsed time spent in this place.
 B = Non-inter-level travel time spent in this place.
 C = Inter-level travel time spent in this place.
 D = Time resting spent in this place.
 E = Time spent auto-exploring this place.
 F = Levels seen in this place.
 G = Mean time per level.
                   A        B        C        D        E       F      G
               +--------+--------+--------+--------+--------+-----+--------+
         Total |  95059 |  84787 |  10272 |  22057 |  38214 | 132 |  720.1 |
       Dungeon |  21822 |  18456 |   3366 |   5409 |   9422 |  15 | 1454.8 |
          Lair |   8996 |   8150 |    846 |   2714 |   3999 |   5 | 1799.2 |
        Shoals |   3763 |   3524 |    239 |    800 |   1589 |   4 |  940.8 |
     Snake Pit |   5498 |   5044 |    454 |   1317 |   2814 |   4 | 1374.5 |
    Slime Pits |   2046 |   1926 |    120 |    831 |    431 |   5 |  409.2 |
  Orcish Mines |   1614 |   1167 |    447 |      8 |    965 |   2 |  807.0 |
   Elven Halls |   2655 |   2367 |    288 |     16 |   1727 |   3 |  885.0 |
        Vaults |  10022 |   8479 |   1543 |   2696 |   4170 |   5 | 2004.4 |
         Crypt |   3465 |   2935 |    530 |    122 |   2063 |   3 | 1155.0 |
          Tomb |   2484 |   2350 |    134 |    742 |    340 |   3 |  828.0 |
        Depths |   7518 |   6763 |    755 |   2064 |   2546 |   4 | 1879.5 |
          Hell |    594 |    469 |    125 |    160 |     30 |   1 |  594.0 |
           Dis |   2589 |   2462 |    127 |    975 |    397 |   7 |  369.9 |
       Gehenna |   1423 |   1407 |     16 |     72 |    506 |   7 |  203.3 |
       Cocytus |   1461 |   1316 |    145 |    520 |    149 |   7 |  208.7 |
      Tartarus |   1572 |   1383 |    189 |    308 |    332 |   7 |  224.6 |
           Zot |   6450 |   5508 |    942 |   1446 |   2534 |   5 | 1290.0 |
         Abyss |    985 |    985 |      0 |     64 |    376 |   6 |  164.2 |
   Pandemonium |   5771 |   5771 |      0 |    176 |   3120 |  16 |  360.7 |
      Ziggurat |   2621 |   2621 |      0 |   1157 |     64 |  19 |  137.9 |
        Bazaar |    519 |    519 |      0 |    132 |    220 |   2 |  259.5 |
       Ossuary |    337 |    337 |      0 |      4 |    150 |   1 |  337.0 |
      Ice Cave |    843 |    843 |      0 |    321 |    267 |   1 |  843.0 |
               +--------+--------+--------+--------+--------+-----+--------+

Top non-repeatable levels by time:
    D:12: 2868 daAuts
Vaults:1: 2650 daAuts
  Lair:5: 2649 daAuts
Vaults:3: 2313 daAuts
Depths:3: 2279 daAuts
  Lair:1: 2129 daAuts
Depths:4: 1952 daAuts
    D:11: 1949 daAuts
Vaults:4: 1862 daAuts
     D:9: 1743 daAuts
  Tomb:1: 1712 daAuts
     D:4: 1711 daAuts
 Crypt:3: 1701 daAuts
Vaults:2: 1685 daAuts
Depths:1: 1659 daAuts
